 Dungeon Crawl Stone Soup version 0.24-a0-271-ga0fc33f (webtiles) character file.

Game seed: 8022109597075863158

14751788 Inarius the Conqueror (level 27, 218/218 HPs)
             Began as a Gargoyle Berserker on Apr 19, 2019.
             Was the Champion of Makhleb.
             Escaped with the Orb
             ... and 15 runes on Apr 24, 2019!
             The game lasted 05:26:56 (108002 turns).

Inarius the Conqueror (Gargoyle Berserker)        Turns: 108002, Time: 05:26:57

Health: 218/218    AC: 68    Str: 54    XL:     27
Magic:  19/21      EV: 15    Int: 12    God:    Makhleb [******]
Gold:   15568      SH: 37    Dex: 15    Spells: 71/80 levels left

rFire    + + +     SeeInvis .   a - +9 broad axe (antimagic)
rCold    + + +     Gourm    .   n - +1 large shield of Elyvilon's Castigation {rC+ Str+3 Dex+3}
rNeg     + + +     Faith    .   q - +12 gold dragon scales
rPois    ∞         Spirit   .   D - -2 hat of the Alchemist {rElec rPois rF+ rC+ rN+ MR+ rMut rCorr}
rElec    +         Reflect  +   w - +0 cloak of Tartarus {Str+3}
rCorr    +         Harm     .   O - +2 pair of gloves {Dex+3}
rMut     +                      T - +2 pair of boots of Fanaticism {Str+5}
MR       ++++.                  y - amulet of the Pure Spirits {Reflect rPois rN+ Int+2 SH+3}
Stlth    ..........             I - ring "Hichem" {MR+ Str+4}
HPRegen  0.46/turn              A - ring "Usovosk" {rF++ MP+9 Str+7 Dex-2}
MPRegen  0.17/turn

@: flying
A: big wings, camouflage 1, agile 1, negative energy resistance 1, robust 1,
electricity resistance, unbreathing, petrification resistance, rot immunity,
MP-powered wands, AC +20
0: Orb of Zot
}: 15/15 runes: serpentine, barnacled, slimy, silver, golden, iron, obsidian,
icy, bone, abyssal, demonic, glowing, magical, fiery, dark
a: Stop Flying, Minor Destruction, Lesser Servant of Makhleb, Major Destruction,
Greater Servant of Makhleb, Renounce Religion


You escaped.
You worshipped Makhleb.
Makhleb was exalted by your worship.
You were not hungry.

You visited 18 branches of the dungeon, and saw 90 of its levels.
You visited Pandemonium 3 times, and saw 1 of its levels.
You visited the Abyss 2 times.
You also visited: Sewer, Bailey, Ice Cave and Wizlab.

You collected 18533 gold pieces.
You spent 2965 gold pieces at shops.

Inventory:

Hand Weapons
 a - a +9 antimagic broad axe (weapon)
 b - a +9 broad axe of chaos
 H - the +0 broad axe of Woxoennib {holy, rN+ Str+4 SInv}
   (You found it on level 3 of the Elven Halls)

   It has been blessed by the Shining One to cause great damage to the undead
   and demons.
   It affects your strength (+4).
   It protects you from negative energy.
   It lets you see invisible.
Armour
 n - the +1 large shield of Elyvilon's Castigation (worn) {rC+ Str+3 Dex+3}
   (You found it on level 5 of the Vaults)

   It affects your strength (+3).
   It affects your dexterity (+3).
   It protects you from cold.
 q - +12 gold dragon scales (worn)
 w - the +0 cloak of Tartarus (worn) {Str+3}
   (You bought it in a shop on level 2 of the Orcish Mines)

   It affects your strength (+3).
 D - the -2 hat of the Alchemist (worn) {rElec rPois rF+ rC+ rN+ MR+ rMut rCorr}
   (You bought it in a shop on level 2 of the Orcish Mines)

   It protects you from fire.
   It protects you from cold.
   It insulates you from electricity.
   It protects you from poison.
   It protects you from negative energy.
   It affects your resistance to hostile enchantments.
   It provides partial protection from all sources of acid and corrosion.
   It protects you from mutation.
 O - a +2 pair of gloves of dexterity (worn)
 T - the +2 pair of boots of Fanaticism (worn) {Str+5}
   (You found it on level 7 of Cocytus)

   It affects your strength (+5).
 U - the +0 pair of boots of Cickepreegh {rC+ Int+4}
   (You found it on level 4 of the Depths)

   It affects your intelligence (+4).
   It protects you from cold.
Jewellery
 p - the ring of Obsession {rN+ MP+9 Dex+6}
   (You found it in a wizard's laboratory)

   [ring of positive energy]

   It affects your dexterity (+6).
   It protects you from negative energy.
   It affects your magic capacity (+9).
 y - the amulet of the Pure Spirits (around neck) {Reflect rPois rN+ Int+2 SH+3}
   (You bought it in a shop on level 2 of the Elven Halls)

   [amulet of reflection]

   It shields you and reflects attacks.
   It affects your intelligence (+2).
   It protects you from poison.
   It protects you from negative energy.
   It affects your SH (+3).
 A - the ring "Usovosk" (right hand) {rF++ MP+9 Str+7 Dex-2}
   (You found it on level 7 of Cocytus)

   [ring of magical power]

   It affects your strength (+7).
   It affects your dexterity (-2).
   It greatly protects you from fire.
   It affects your magic capacity (+9).
 F - the ring "Payxtoog" {rPois rF+ rN++ MR- Str+3}
   (You found it on level 3 of the Tomb of the Ancients)

   [ring of protection from fire]

   It affects your strength (+3).
   It protects you from fire.
   It protects you from poison.
   It greatly protects you from negative energy.
   It affects your resistance to hostile enchantments.
 I - the ring "Hichem" (left hand) {MR+ Str+4}
   (You bought it in a shop on level 2 of the Elven Halls)

   [ring of protection from magic]

   It affects your strength (+4).
   It affects your resistance to hostile enchantments.
 Z - the ring of Ucupteyf {rC+ rN+}
   (You found it on level 3 of the Crypt)

   [ring of positive energy]

   It protects you from cold.
   It protects you from negative energy.
Wands
 s - a wand of paralysis (69)
 B - a wand of digging (5)
 J - a wand of clouds (3)
 P - a wand of acid (44)
 Q - a wand of scattershot (4)
 S - a wand of iceblast (35)
 X - a wand of disintegration (28)
Scrolls
 d - 12 scrolls of noise
 f - 9 scrolls of blinking
 i - 34 scrolls of remove curse
 k - 22 scrolls of teleportation
 l - 3 scrolls of enchant weapon
 t - 13 scrolls of fog
 v - a scroll of holy word
 x - 19 scrolls of identify
 z - 3 scrolls of silence
 E - 12 scrolls of fear
 R - 3 scrolls of summoning
Potions
 e - 3 potions of haste
 g - 40 potions of curing
 h - 25 potions of mutation
 j - 9 potions of might
 m - 9 potions of magic
 o - 2 potions of ambrosia
 r - 5 potions of agility
 u - 6 potions of invisibility
 C - 11 potions of heal wounds
 G - 4 potions of berserk rage
 K - 2 potions of brilliance
 L - 3 potions of cancellation
 V - 5 potions of resistance
Miscellaneous
 N - 4 boxes of beasts
 W - 7 phantom mirrors
 Y - 7 sacks of spiders
Comestibles
 c - 113 rations


   Skills:
 O Level 27 Fighting
 O Level 27 Axes
 - Level 1.0 Throwing
 O Level 27 Armour
 + Level 9.2 Dodging
 O Level 27 Shields
 - Level 0.4 Unarmed Combat
 O Level 27 Spellcasting
 O Level 27 Earth Magic
 O Level 27 Invocations
 - Level 17.7 Evocations


You had 71 spell levels left.
You knew the following spells:

 Your Spells              Type           Power        Failure   Level  Hunger
a - Shatter               Erth           ######....   9%          9    #######

Your spell library contained the following spells:

 Spells                   Type           Power        Failure   Level  Hunger
 Lee's Rapid Deconstruct  Erth           ######....   0%          5    ###....
 Passwall                 Tmut/Erth      #####...     1%          2    None
 Leda's Liquefaction      Hex/Erth       #####.....   1%          4    None
 Petrify                  Tmut/Erth      #####...     1%          4    None
 Borgnjor's Vile Clutch   Necr/Erth      #####.....   1%          5    ###....
 Bolt of Magma            Conj/Fire/Erth #####.....   3%          5    ###....
 Iron Shot                Conj/Erth      #####.....   3%          6    #####..
 Animate Skeleton         Necr           N/A          5%          1    None
 Beastly Appendage        Tmut           ###...       5%          1    None
 Confusing Touch          Hex            ###...       5%          1    None
 Corona                   Hex            ###....      5%          1    None
 Flame Tongue             Conj/Fire      ###..        5%          1    None
 Freeze                   Ice            ###.         5%          1    None
 Infusion                 Chrm           ###.         5%          1    None
 Magic Dart               Conj           ###.         5%          1    None
 Pain                     Necr           ###.         5%          1    None
 Shock                    Conj/Air       ###.         5%          1    None
 Summon Butterflies       Summ           ###.....     5%          1    None
 Blink                    Tloc           N/A          9%          2    None
 Call Imp                 Summ           ###.....     9%          2    None
 Corpse Rot               Necr           N/A          9%          2    None
 Ensorcelled Hibernation  Hex/Ice        ###...       9%          2    None
 Poisonous Vapours        Pois/Air       ###...       9%          2    None
 Searing Ray              Conj           ###...       9%          2    None
 Shroud of Golubria       Chrm/Tloc      ###.......   9%          2    None
 Slow                     Hex            ###.....     9%          2    None
 Song of Slaying          Chrm           ###.....     9%          2    None
 Sticks to Snakes         Tmut           ###.....     9%          2    None
 Swiftness                Chrm/Air       ###.....     9%          2    None
 Throw Flame              Conj/Fire      ###...       9%          2    None
 Throw Frost              Conj/Ice       ###...       9%          2    None
 Confuse                  Hex            ###.....     16%         3    None
 Conjure Flame            Conj/Fire      ###.....     16%         3    None
 Dazzling Spray           Conj/Hex       ###...       16%         3    None
 Gell's Gravitas          Tloc           ###.......   16%         3    None
 Ignite Poison            Fire/Tmut/Pois ###.....     16%         3    None
 Inner Flame              Hex/Fire       ###.....     16%         3    None
 Lesser Beckoning         Tloc           ###.......   16%         3    None
 Mephitic Cloud           Conj/Pois/Air  ###.....     16%         3    None
 Ozocubu's Armour         Chrm/Ice       ###.....     16%         3    None
 Portal Projectile        Hex/Tloc       ###...       16%         3    None
 Recall                   Summ/Tloc      N/A          16%         3    None
 Regeneration             Chrm/Necr      ###.......   16%         3    None
 Spectral Weapon          Hex/Chrm       ###.....     16%         3    None
 Spider Form              Tmut/Pois      ###.......   16%         3    None
 Static Discharge         Conj/Air       ###.....     16%         3    None
 Summon Guardian Golem    Hex/Summ       ###.....     16%         3    None
 Teleport Other           Tloc           ###.....     16%         3    None
 Tukima's Dance           Hex            ###.....     16%         3    None
 Vampiric Draining        Necr           ###.......   16%         3    None
 Animate Dead             Necr           N/A          47%         4    None
 Cause Fear               Hex            ###.......   47%         4    None
 Force Lance              Conj/Tloc      ###.....     47%         4    None
 Fulminant Prism          Conj/Hex       ###.......   47%         4    None
 Ice Form                 Ice/Tmut       ###.....     47%         4    None
 Iskenderun's Mystic Bla  Conj           ###.....     47%         4    None
 Sticky Flame             Conj/Fire      ###.....     47%         4    None
 Summon Ice Beast         Ice/Summ       ###.....     47%         4    None
 Summon Lightning Spire   Summ/Air       ###.....     47%         4    None
 Throw Icicle             Conj/Ice       ###.....     47%         4    None
 Agony                    Necr           ###.....     83%         5    ###....
 Alistair's Intoxication  Tmut/Pois      ###.....     83%         5    ###....
 Blade Hands              Tmut           ###.......   83%         5    ###....
 Bolt of Draining         Conj/Necr      ###.......   83%         5    ###....
 Dispel Undead            Necr           ###.....     83%         5    ###....
 Excruciating Wounds      Chrm/Necr      ###.......   83%         5    ###....
 Fireball                 Conj/Fire      ###.......   83%         5    ###....
 Irradiate                Conj/Tmut      ###.......   83%         5    ###....
 Iskenderun's Battlesphe  Conj/Chrm      ###.....     83%         5    ###....
 Lightning Bolt           Conj/Air       ###.......   83%         5    ###....
 Metabolic Englaciation   Hex/Ice        ###.......   83%         5    ###....
 Silence                  Hex/Air        ###.......   83%         5    ###....
 Venom Bolt               Conj/Pois      ###.......   83%         5    ###....
 Yara's Violent Unravell  Hex/Tmut       ###.......   83%         5    ###....
 Bolt of Cold             Conj/Ice       ###.......   100%        6    #####..
 Bolt of Fire             Conj/Fire      ###.......   100%        6    #####..
 Conjure Ball Lightning   Conj/Air       ###.......   100%        6    #####..
 Darkness                 Hex            ###.......   100%        6    #####..
 Death Channel            Necr           ###.......   100%        6    #####..
 Deflect Missiles         Chrm/Air       ###.......   100%        6    #####..
 Dispersal                Tloc           ###.......   100%        6    #####..
 Freezing Cloud           Conj/Ice/Air   ###.......   100%        6    #####..
 Hydra Form               Tmut           ###.......   100%        6    #####..
 Invisibility             Hex            ###.....     100%        6    #####..
 Ozocubu's Refrigeration  Ice            ###.......   100%        6    #####..
 Shadow Creatures         Summ           N/A          100%        6    #####..
 Simulacrum               Ice/Necr       ###.......   100%        6    #####..
 Dragon Form              Tmut           ###.......   100%        7    ######.
 Orb of Destruction       Conj           ###.......   100%        7    ######.
 Ring of Flames           Chrm/Fire      ###.......   100%        7    ######.
 Spellforged Servitor     Conj/Summ      ###.......   100%        7    ######.
 Summon Hydra             Summ           ###.......   100%        7    ######.
 Controlled Blink         Tloc           N/A          100%        8    #######
 Discord                  Hex            ###.......   100%        8    #######
 Disjunction              Tloc           ###.......   100%        8    #######
 Ignition                 Fire           ###.......   100%        8    #######
 Tornado                  Air            ###.......   100%        9    #######
 Statue Form              Tmut/Erth      Unusable     N/A         6    N/A
 Sublimation of Blood     Necr           Unusable     N/A         2    N/A
 Passage of Golubria      Tloc           Unusable     N/A         4    N/A

Dungeon Overview and Level Annotations

Branches:
Dungeon (15/15)            Temple (1/1) D:7            Lair (6/6) D:10
 Shoals (4/4) Lair:3        Snake (4/4) Lair:3        Slime (5/5) Lair:5
    Orc (2/2) D:10            Elf (3/3) Orc:2        Vaults (5/5) D:14
  Crypt (3/3) Vaults:3       Tomb (3/3) Crypt:3      Depths (5/5) D:15
   Hell (1/1)                 Dis (7/7) Hell            Geh (7/7) Hell
    Coc (7/7) Hell            Tar (7/7) Hell            Zot (5/5) Depths:5

Altars:
Ashenzari
Cheibriados
Dithmenos
Elyvilon
Fedhas
Gozag
Hepliaklqana
Kikubaaqudgha
Makhleb
Nemelex Xobeh
Okawaru
Qazlal
Ru
Sif Muna
Trog
Uskayaw
Vehumet
Wu Jian
Xom
Yredelemnul
Zin
Beogh
Jiyva

Shops:
D:5 !   D:6 =   D:12 }   Orc:1 (   Orc:2 *[}*   Elf:2 =   Shoals:4 *
Snake:1 *=}!%   Vaults:4 :   Depths:1 :   Depths:5 =}=

Portals:
Hell: Depths:1 Depths:2 Depths:3 Depths:4 Depths:5
Abyss: Depths:4
Pandemonium: Depths:3
Ziggurat: Depths:2

Annotations:
D:9 2 transporters
Depths:5 3 runed translucent doors


Innate Abilities, Weirdness & Mutations

You are resistant to torment.
Your stone body is resilient. (AC +20)
You are immune to poison.
Your large and strong wings let you fly indefinitely.
You resist negative energy. (rN+)
You are resistant to electric shocks. (rElec)
You can survive without breathing.
You are immune to petrification.
You are immune to rotting.
Your skin changes colour to match your surroundings (Stealth+).
You are agile. (Dex +2)
You are robust. (+10% HP)
You expend magic power (3 MP) to strengthen your wands.


Message History

Unknown command.
No target in view!
Unknown command.
(D) Dungeon (T) Temple (L) Lair (A) Shoals (P) Snake Pit (M) Slime Pits (O) Orcish Mines (E) Elven Halls (V) Vaults (C) Crypt (W) Tomb (U) Depths (H) Hell (I) Dis (G) Gehenna (X) Cocytus (Y) Tartarus (Z) Zot
Where to? (Enter - D:1, ? - help)
There is a stone staircase leading up here.
You fly upwards.
There is a stone staircase leading down here.
Evoke which item? (* to show all) (? for menu, Esc to quit)
Aiming: Dig
Press: ? - help, Shift-Dir - straight line A rock wall.
This square is covered in magical glow.
You feel a surge of power!
The rock shatters into small pieces.
There is a staircase leading out of the dungeon here.
You have escaped!

#.###)#..##..###.......
##.##.#.##.#.# ######..
##.#.#.#.##.# #####..
#.#####.##.####...(..
#(.###..##.......)...
##..#..###.###...####
#..#..#..>##.....##
##...#.#..........#
#.@..#.####......#
##...#### ##...#.##
#.....#######.#.#...
##..#..##.....###.###
#..###..######.#.##
#.## ##.# ##.##
##.#####.## ###
##.##.#.##.##
#.###....##.#


There were no monsters in sight!

Vanquished Creatures
  Cerebov (Pan)
  Antaeus (Coc:7)
  Asmodeus (Geh:7)
  Ereshkigal (Tar:7)
  the Royal Jelly (Slime:5)
  the Serpent of Hell (Geh:7)
  Gloorx Vloq (Pan)
  A seraph (Pan)
  Lom Lobon (Pan)
  Mnoleg (Pan)
  Dispater (Dis:7)
  3 orbs of fire
  Khufu (Crypt:1)
  Mennas (Pan)
  10 ancient liches
  Sojobo (Vaults:1)
  Boris (Depths:5)
  6 shard shrikes (Coc:7)
  38 greater mummies
  9 Killer Klowns (Zot:5)
  Vashnia (Snake:2)
  Margery (Vaults:3)
  12 pandemonium lords
  2 curse toes (Crypt:3)
  Geryon (Hell)
  A caustic shrike (Depths:3)
  Nikola (Snake:4)
  8 golden dragons
  the Enchantress (Depths:5)
  A mutant beast (WizLab)
  2 pearl dragons (Pan)
  Jory (Vaults:2)
  8 doom hounds
  10 bone dragons
  7 electric golems
  20 Tzitzimimeh
  28 Brimstone Fiends
  6 iron giants
  The ghost of Xonlafob the Markscentaur, an adept CeHu of Okawaru (Vaults:1)
  A hellephant (Hell)
  14 tentacled monstrosities
  15 Hell Sentinels
  23 Ice Fiends
  Asterion (Snake:2)
  Rupert (Lair:3)
  25 Orb Guardians
  11 liches
  The ghost of Pedghagu the Tortoise, an adept GrFi of Makhleb (Crypt:3)
  9 titans
  3 deep elf blademasters
  27 acid blobs
  11 quicksilver dragons
  2 deep elf master archers (Elf:3)
  3 krakens
  37 Executioners
  Gastronok (D:9)
  A tentacled starspawn (Abyss:3)
  6 death cobs
  7 eldritch tentacles
  25 ancient champions
  2 thorn hunters (Depths:4)
  13 sphinxes
  Polyphemus (Shoals:3)
  21 storm dragons
  Roxanne (Elf:2)
  11 tengu reavers
  The ghost of Habimmeu the Brawler, an adept TrTm of Dithmenos (Snake:3)
  22 shadow dragons
  21 warmongers (Pan)
  3 revenants
  2 draconian monks
  Ilsuiw (Shoals:3)
  Donald (Orc:2)
  9 nagarajas (Snake:4)
  12 fire giants
  11 azure jellies
  13 frost giants
  8 deep elf sorcerers
  3 iron dragons
  2 ghost moths
  11 draconian knights
  15 daevas (Pan)
  4 curse skulls
  8 draconian scorchers
  23 vault wardens
  13 ghouls
  26 cacodemons
  6 deep elf elementalists
  11 draconian shifters
  22 angels (Pan)
  80 reapers
  48 balrugs
  17 ironheart preservers
  6 draconian stormcallers
  An elemental wellspring (Coc:7)
  13 war gargoyles
  A juggernaut zombie (Crypt:2)
  A caustic shrike skeleton (Depths:3)
  28 very ugly things
  12 draconian annihilators
  24 apis (Pan)
  4 spriggan defenders
  18 corrupters
  15 blood saints (Pan)
  47 stone giants
  15 vampire knights
  9 deep elf demonologists
  15 green draconians
  16 ophanim (Pan)
  13 white draconians
  8 bennus
  10 black suns (Pan)
  22 lorocyprocas
  16 deep elf annihilators
  A minotaur (shapeshifter) (Vaults:5)
  16 yellow draconians
  12 black draconians
  12 spark wasps
  17 purple draconians
  A dire elephant (Depths:2)
  16 red draconians
  The ghost of Hylith the Basher, a journeyman MiFi of Okawaru (D:12)
  14 ettins
  16 fire dragons
  A crystal guardian (Vaults:4)
  43 blizzard demons
  Snorg (Lair:5)
  10 deep elf death magi
  3 eidola
  4 merfolk javelineers
  8 merfolk impalers
  20 mummy priests
  2 quicksilver dragon zombies
  11 death oozes
  Erolcha (D:12)
  2 deep elf high priests (Elf:3)
  35 green deaths
  14 yaktaur captains
  8 great orbs of eyes
  3 hydras
  Josephine (D:11)
  8 jiangshi
  Fannar (D:11)
  2 kraken zombies
  2 juggernaut simulacra (Pan)
  41 vault guards
  11 rakshasas
  7 quicksilver dragon skeletons
  18 naga warriors
  19 monstrous demonspawn (Pan)
  30 ice dragons
  9 hell beasts
  3 ghost crabs
  2 catoblepae
  4 spriggan air magi
  4 merfolk avatars
  5 merfolk aquamancers
  12 anacondas
  An alligator snapping turtle (shapeshifter) (Vaults:5)
  60 two-headed ogres
  8 tengu warriors
  3 satyrs
  10 centaur warriors
  17 ogre magi
  A two-headed ogre (shapeshifter) (Vaults:5)
  30 dancing weapons
  5 death knights
  42 death scarabs
  13 deep troll shamans
  13 deep troll earth magi
  4 death yaks
  8 vampire magi
  13 shock serpents
  A thrashing horror (Abyss:1)
  42 soul eaters
  20 deep elf knights
  77 sun demons
  8 spriggan berserkers
  6 titan zombies
  37 hell hogs
  8 titan skeletons
  2 iron golems
  5 salamander mystics
  Sonja (D:11)
  17 naga sharpshooters
  Nergalle (D:11)
  3 storm dragon zombies
  15 shadow wraiths
  A fire crab (shapeshifter) (WizLab)
  4 wretched stars
  114 skeletal warriors
  A death drake (Tar:7)
  34 sixfirhies (Pan)
  3 unseen horrors (shapeshifter) (WizLab)
  26 shadow demons
  5 storm dragon skeletons
  7 iron trolls
  13 sea snakes
  2 deep trolls (shapeshifter) (WizLab)
  39 hell knights
  11 cherubim (Pan)
  2 golden dragon zombies
  A death drake (shapeshifter) (Vaults:4)
  6 unseen horrors
  10 anaconda zombies
  17 torturous demonspawn (Pan)
  4 ghost moth zombies
  A swamp dragon (shapeshifter) (WizLab)
  A spark wasp zombie (Crypt:1)
  43 deep trolls
  2 kraken simulacra (Coc:7)
  7 anaconda skeletons
  21 gelid demonspawn (Pan)
  13 infernal demonspawn (Pan)
  4 glowing orange brains
  An obsidian statue (Zot:5)
  15 naga ritualists
  18 phantasmal warriors
  8 wizards
  Pikel (D:8)
  12 deep elf archers
  11 ironbrand convokers
  5 golden dragon skeletons
  A lindwurm (Lair:6)
  17 necromancers
  19 orc knights
  12 flayed ghosts
  19 harpies
  A wolf spider zombie (Geh:5)
  5 shadow dragon zombies
  2 wolf spiders
  6 stone giant zombies
  43 deep elf magi
  A shining eye (shapeshifter) (WizLab)
  38 ugly things
  6 fire giant zombies
  18 mana vipers
  4 iron dragon zombies
  A mana viper (shapeshifter) (WizLab)
  6 salamanders
  7 shadow dragon skeletons
  2 orc sorcerers (Orc:2)
  7 frost giant zombies
  11 oklob plants (Zot:3)
  25 cyclopes
  An elf zombie (Depths:3)
  12 shining eyes
  26 fauns
  2 salamanders (shapeshifter)
  6 iron dragon skeletons
  4 starcursed masses (Abyss:1)
  A worldbinder (Abyss:1)
  23 elephants
  20 manticores
  A toenail golem (D:2)
  An ice statue (IceCv)
  A water nymph (shapeshifter) (WizLab)
  4 stone giant skeletons
  5 human skeletons
  16 moths of wrath
  5 water nymphs
  4 eyes of devastation
  9 vault sentinels
  2 black mambas (shapeshifter) (WizLab)
  A sphinx skeleton (Depths:3)
  15 merfolk sirens
  23 naga magi
  2 shock serpent skeletons
  2 shock serpent zombies
  A torpor snail (shapeshifter) (Vaults:4)
  7 guardian serpents
  2 torpor snails
  5 frost giant skeletons
  3 dire elephant zombies
  7 fire giant skeletons
  47 black mambas
  13 molten gargoyles
  2 gargoyles (D:13)
  A guardian serpent (shapeshifter) (WizLab)
  33 rust devils
  An apocalypse crab (Abyss:1)
  Joseph (Lair:1)
  8 titan simulacra
  30 orange demons
  7 storm dragon simulacra
  56 smoke demons
  8 spiny frogs
  A spiny frog (shapeshifter) (WizLab)
  A catoblepas zombie (Dis:7)
  4 emperor scorpion zombies
  4 dire elephant skeletons
  7 centaur skeletons
  44 yaktaurs
  A death yak zombie (Crypt:1)
  16 demonic crawlers (Pan)
  3 spriggan zombies
  2 minotaur zombies
  2 rime drakes (shapeshifter)
  2 rime drakes (Lair:4)
  48 hellions
  21 efreet
  2 kobold demonologists
  13 komodo dragons
  31 freezing wraiths
  5 swamp worm zombies (Crypt:3)
  A yaktaur (shapeshifter) (Vaults:4)
  7 tengu conjurers
  4 spectral deep trolls (Crypt:1)
  47 tormentors
  44 hellwings
  A catoblepas skeleton (Tomb:3)
  47 ice devils
  3 silent spectres
  A golden dragon simulacrum (Depths:3)
  39 guardian mummies
  19 merfolk
  55 red devils
  2 jumping spiders (shapeshifter)
  A troll (shapeshifter) (WizLab)
  2 grey draconian skeletons (Crypt:3)
  A wind drake (shapeshifter) (WizLab)
  A harpy zombie (Tar:5)
  An ancient zyme (Abyss:1)
  3 elf skeletons
  16 hydra zombies
  32 polar bears
  A meliai (shapeshifter) (WizLab)
  A queen bee (Abyss:4)
  4 queen bees (shapeshifter)
  A merfolk (shapeshifter) (Vaults:5)
  5 meliai (Abyss:4)
  3 hornets
  15 trolls
  8 hydra skeletons
  A wolf spider simulacrum (Crypt:3)
  3 fire dragon zombies
  A shadow dragon simulacrum (Crypt:3)
  7 wind drakes
  12 blink frogs
  A dream sheep (shapeshifter) (Vaults:3)
  73 slime creatures
  9 dream sheep
  10 ettin zombies
  2 hippogriffs (shapeshifter)
  A hornet (shapeshifter) (WizLab)
  6 harpy skeletons
  3 raiju (Abyss:3)
  A tengu simulacrum (Depths:3)
  8 snapping turtles
  6 bog bodies
  5 alligator zombies
  5 ice dragon zombies
  9 hippogriffs
  2 ice dragon skeletons
  7 fire dragon skeletons
  102 flying skulls
  A stone giant simulacrum (Vaults:4)
  2 wind drake zombies
  4 alligator skeletons
  3 spriggans (Depths:5)
  51 shadows
  3 air elementals (Depths:4)
  4 black mamba zombies
  45 wraiths
  38 ushabtiu
  25 water elementals
  4 ettin skeletons
  2 humans (shapeshifter)
  2 vampires (D:14)
  35 ynoxinuls
  38 yaks
  23 fire elementals
  19 chaos spawn (Pan)
  A fire bat (Pan)
  2 yaks (shapeshifter)
  A human (D:8)
  5 basilisks
  3 wyverns (Lair:6)
  2 hogs (D:8)
  19 golden eyes
  Grum (D:8)
  13 hungry ghosts
  2 vampire mosquitoes (D:12)
  26 neqoxecs (Pan)
  8 wargs
  65 nagas
  2 steam dragons (Lair:6)
  2 spatial vortices
  A merfolk zombie (Dis:7)
  8 small abominations
  3 acid dragons
  12 hydra simulacra
  An orb spider zombie (Crypt:3)
  72 large abominations
  12 water moccasins
  An acid dragon (shapeshifter) (WizLab)
  69 hell hounds
  7 spiny frog zombies
  5 floating eyes
  A gelid demonspawn skeleton (Crypt:1)
  A torturous demonspawn skeleton (Pan)
  6 porcupines
  11 black bears
  A sky beast (D:14)
  4 slaves (D:8)
  2 hornet zombies
  An ettin simulacrum (Vaults:5)
  55 orc warriors
  A swamp dragon zombie (Crypt:2)
  64 ogres
  4 spiny frog skeletons
  7 snapping turtle zombies
  14 necrophages
  16 phantoms
  8 eyes of draining
  4 ice beasts
  33 centaurs
  4 boggarts (Vaults:2)
  A hog zombie (Crypt:2)
  8 snapping turtle skeletons
  51 wolves
  A swamp dragon skeleton (Geh:3)
  14 crocodiles
  2 manticore skeletons
  19 bullfrogs
  2 big kobolds
  A cyclops zombie (Crypt:1)
  A wyvern skeleton (Crypt:1)
  A yaktaur skeleton (Crypt:3)
  6 earth elementals (Depths:4)
  2 human simulacra
  A water moccasin skeleton (Crypt:1)
  7 scorpions
  A scorpion (shapeshifter) (Vaults:4)
  A shapeshifter zombie (Crypt:3)
  A swamp dragon simulacrum (Crypt:3)
  11 killer bees
  A troll skeleton (Geh:5)
  61 wights
  A howler monkey (D:11)
  2 electric eels (Lair:6)
  5 lava snakes (Lair:6)
  24 crimson imps
  A centaur zombie (Tar:7)
  7 bullfrog zombies
  2 quasits
  4 hounds
  4 jellies
  4 human zombies
  19 orc priests
  Crazy Yiuf (D:2)
  2 iguanas
  21 iron imps
  A basilisk skeleton (Crypt:2)
  A porcupine zombie (Crypt:2)
  12 worker ants
  2 hell rats (Lair:1)
  30 orc wizards
  A porcupine skeleton (Crypt:3)
  A demigod zombie (Crypt:1)
  2 naga zombies
  2 tengu zombies
  A naga skeleton (Geh:2)
  An ogre skeleton (Geh:2)
  53 mummies
  A howler monkey zombie (Crypt:1)
  A worker ant zombie (D:11)
  12 adders
  3 gnolls (D:7)
  2 howler monkey skeletons
  8 river rats
  14 shadow imps
  9 white imps
  14 oozes
  An ufetubus (Abyss:4)
  An adder zombie (D:5)
  A worm zombie (Crypt:3)
  8 worms
  A ball lightning (Pan)
  A barachi skeleton (Crypt:2)
  3 dart slugs
  5 leopard geckos
  107 orcs
  2 ball pythons
  16 bats
  11 giant cockroaches
  12 goblins
  17 hobgoblins
  8 jackals
  5 quokkas
  7 frilled lizards
  A jackal zombie (D:5)
  25 kobolds
  2 kobold skeletons
  A leopard gecko skeleton (D:5)
  2 quokka zombies
  11 rats
  3 briar patches (Depths:4)
  2 bushes (Zot:3)
  2 crawling corpses
  5 fire vortices
  17 fungi
  29 plants
  A starspawn tentacle (Abyss:3)
  11 tentacles
5711 creatures vanquished.

Vanquished Creatures (collateral kills)
  An azure jelly (Slime:5)
  A death ooze (Slime:5)
  3 hydras
  Urug (Lair:3)
  A sea snake (Snake:2)
  A black mamba (Snake:2)
  A blink frog (Lair:6)
  2 orc warriors (Orc:1)
11 creatures vanquished.

Vanquished Creatures (others)
  An eldritch tentacle (Geh:1)
  A tengu reaver (Vaults:2)
  A fire giant (D:15)
  A frost giant (Depths:4)
  An ophan (Pan)
  3 stone giants
  2 elemental wellsprings
  A merfolk javelineer (Shoals:4)
  2 ettins
  A mummy priest (Tomb:2)
  Harold (D:7)
  3 yaktaur captains
  A monstrous demonspawn (Pan)
  A centaur warrior (D:14)
  An ogre mage (Depths:2)
  3 hell hogs
  An orc high priest (Orc:1)
  5 naga sharpshooters
  A golden dragon zombie (Depths:4)
  A wizard (Vaults:2)
  A harpy (Shoals:4)
  2 mana vipers (Snake:2)
  A faun (Shoals:2)
  2 cyclopes
  A sphinx skeleton (Depths:4)
  A salamander (Snake:1)
  A rust devil (Dis:4)
  2 smoke demons (Pan)
  An orange demon (D:13)
  A hellion (Geh:1)
  23 yaktaurs
  2 tormentors (Pan)
  A golden dragon simulacrum (Depths:4)
  A red devil (Geh:3)
  A raiju (shapeshifter) (WizLab)
  3 flying skulls
  3 water elementals (Depths:4)
  A shadow (Geh:3)
  2 fire bats (Pan)
  A fire elemental (Geh:3)
  A chaos spawn (Pan)
  A spiny frog zombie (Coc:7)
  2 nagas
  A hell hound (Geh:3)
  2 orc warriors (Bailey)
  A phantom (D:8)
  A necrophage (Geh:5)
  An ogre (Zot:1)
  4 centaurs
  2 wights
  A hound (D:12)
  An iron imp (Dis:4)
  4 ball lightnings
  9 orcs (Bailey)
  2 kobolds
  A kobold skeleton (Geh:5)
  A briar patch (Depths:4)
  8 fungi
  A lurking horror (Abyss:1)
  35 plants
  A starspawn tentacle (Abyss:3)
  53 tentacles
216 creatures vanquished.

Grand Total: 5938 creatures vanquished

Notes
Turn   | Place    | Note
-------+----------+-------------------------------------------
     0 | D:1      | Inarius the Gargoyle Berserker began the quest for the Orb.
     0 | D:1      | Reached XP level 1. HP: 14/14 MP: 1/1
   320 | D:1      | Reached XP level 2. HP: 19/19 MP: 2/2
   890 | D:1      | Reached XP level 3. HP: 23/24 MP: 3/3
  1031 | D:1      | Reached ** piety under Trog
  1676 | D:2      | Reached XP level 4. HP: 26/29 MP: 4/4
  2364 | D:2      | Found a runed translucent door.
  2365 | D:2      | Noticed Crazy Yiuf
  2391 | D:2      | Found a faded altar of an unknown god.
  2519 | D:2      | Reached XP level 5. HP: 31/33 MP: 5/5
  2597 | D:2      | Reached *** piety under Trog
  2691 | D:2      | Killed Crazy Yiuf
  3116 | D:3      | Reached skill level 5 in Axes
  3118 | D:3      | Reached XP level 6. HP: 38/38 MP: 6/6
  3402 | D:3      | Reached skill level 1 in Evocations
  3904 | D:4      | Found an opulent altar of Gozag.
  4357 | D:4      | Reached skill level 1 in Shields
  4680 | D:5      | Entered Level 5 of the Dungeon
  4735 | D:5      | Reached XP level 7. HP: 43/43 MP: 8/8
  4742 | D:5      | Reached **** piety under Trog
  4939 | D:5      | Found Sobb's Distillery.
  5047 | D:5      | Found a glowing drain.
  5069 | Sewer    | Entered a sewer
  5558 | Sewer    | Reached ***** piety under Trog
  6092 | D:5      | Bought a potion of heal wounds for 75 gold pieces
  6092 | D:5      | Bought a potion of haste for 150 gold pieces
  6596 | D:6      | Reached XP level 8. HP: 48/48 MP: 9/9
  6678 | D:6      | Found a sacrificial altar of Ru.
  7162 | D:6      | Found Vecil's Jewellery Boutique.
  7317 | D:6      | Found a shadowy altar of Dithmenos.
  7697 | D:7      | Got a polished hand axe
  7779 | D:7      | Reached skill level 5 in Armour
  7841 | D:7      | Noticed Harold
  7848 | D:7      | Killed Harold
  7848 | D:7      | Reached XP level 9. HP: 53/53 MP: 11/11
  8028 | D:7      | Found a staircase to the Ecumenical Temple.
  8314 | D:7      | Identified the cursed +3 hand axe of Strategic Superiority
                  | {chaos, *Contam rN++} (You found it on level 7 of the
                  | Dungeon)
  8361 | D:8      | Noticed Pikel
  8393 | D:8      | Killed Pikel
  8394 | D:8      | Reached skill level 5 in Fighting
  8394 | D:8      | Reached skill level 5 in Shields
  8408 | D:8      | Noticed Grum
  8555 | D:7      | Received a gift from Trog
  8890 | D:8      | Killed Grum
  8990 | D:8      | Noticed a two-headed ogre
  9004 | D:8      | Killed a two-headed ogre
  9004 | D:8      | Reached XP level 10. HP: 23/59 MP: 13/13
  9565 | D:9      | Noticed a kobold demonologist
  9566 | D:9      | Noticed a kobold demonologist
  9606 | D:9      | Noticed an orc high priest
  9608 | D:9      | Found a transporter.
  9613 | D:9      | Found a transporter.
  9622 | D:9      | Noticed a kobold demonologist
  9623 | D:9      | Noticed a kobold demonologist
  9647 | D:9      | Reached skill level 10 in Axes
  9830 | D:9      | Noticed Gastronok
  9861 | D:9      | Killed Gastronok
  9861 | D:9      | Reached skill level 5 in Evocations
  9861 | D:9      | Reached XP level 11. HP: 29/64 MP: 15/15
 10486 | D:9      | Found a glowing silver altar of Zin.
 10486 | D:9      | Found an ornate altar of the Wu Jian Council.
 10589 | D:9      | Noticed a two-headed ogre
 10599 | D:9      | Killed a two-headed ogre
 11025 | D:10     | Entered Level 10 of the Dungeon
 11083 | D:10     | Noticed a harpy
 11083 | D:10     | a yak changed into a harpy
 11091 | D:10     | Killed a harpy
 11266 | D:10     | Found a staircase to the Lair.
 11266 | D:10     | Noticed a two-headed ogre
 11291 | D:10     | Killed a two-headed ogre
 11744 | D:10     | Found a staircase to the Orcish Mines.
 12106 | D:11     | Noticed Sonja
 12117 | D:11     | Killed Sonja
 12120 | D:11     | Noticed Nergalle
 12137 | D:11     | Killed Nergalle
 12137 | D:11     | Reached XP level 12. HP: 71/71 MP: 16/16
 12304 | D:11     | Received a gift from Trog
 12411 | D:11     | Noticed Fannar
 12439 | D:11     | Killed Fannar
 13028 | D:11     | Noticed Josephine
 13047 | D:11     | Killed Josephine
 13509 | Lair:1   | Entered Level 1 of the Lair of Beasts
 13849 | Lair:1   | Noticed Joseph
 13868 | Lair:1   | Killed Joseph
 14239 | Lair:2   | Found the +2 ratskin cloak {+Rats rPois rN+ Str-1 Int-1
                  | Dex+1}
 14247 | Lair:2   | Reached skill level 10 in Shields
 14277 | Lair:2   | Noticed an eight-headed hydra
 14284 | Lair:2   | Killed an eight-headed hydra
 14990 | Lair:3   | Reached XP level 13. HP: 76/76 MP: 18/18
 15025 | Lair:3   | Found a staircase to the Snake Pit.
 15045 | Lair:3   | Received a gift from Trog
 15086 | Lair:3   | Noticed Rupert
 15201 | Lair:3   | Paralysed by Rupert for 6 turns
 15227 | Lair:3   | Killed Rupert
 15270 | Lair:3   | Noticed Urug
 15283 | Lair:3   | Killed Urug
 15642 | Lair:3   | Found a staircase to the Shoals.
 15671 | Lair:3   | Reached skill level 10 in Armour
 16072 | Lair:4   | Found a frozen archway.
 16168 | IceCv    | Entered an ice cave
 16763 | IceCv    | Received a gift from Trog
 16979 | IceCv    | Gained mutation: Your large and strong wings let you fly
                  | indefinitely. [Gargoyle growth]
 16979 | IceCv    | Reached XP level 14. HP: 60/83 MP: 6/20
 17067 | IceCv    | Noticed a frost giant
 17076 | IceCv    | Killed a frost giant
 18070 | Lair:5   | Noticed Snorg
 18082 | Lair:5   | Killed Snorg
 18100 | Lair:5   | Found a runed translucent door.
 18100 | Lair:5   | Found a viscous altar of Jiyva.
 18100 | Lair:5   | Found a staircase to the Slime Pits.
 18100 | Lair:5   | Noticed an acid blob
 18100 | Lair:5   | Noticed an acid blob
 18100 | Lair:5   | Noticed an acid blob
 18718 | Lair:5   | Received a gift from Trog
 19008 | Lair:6   | Entered Level 6 of the Lair of Beasts
 19375 | Lair:6   | Reached skill level 15 in Axes
 20115 | Lair:6   | Reached XP level 15. HP: 85/89 MP: 7/21
 20485 | Lair:6   | Found a large runed translucent door.
 20485 | Lair:6   | Found a large runed translucent door.
 20781 | Orc:1    | Entered Level 1 of the Orcish Mines
 20935 | Orc:1    | Received a gift from Trog
 20959 | Orc:1    | Found Idghinoeg's Weapon Shoppe.
 20994 | Orc:1    | You are sucked into a shaft!
 20994 | Orc:2    | Entered Level 2 of the Orcish Mines
 20994 | Orc:2    | Found Vaemots's Armour Shop.
 20994 | Orc:2    | Found Ihauv's Assorted Antiques.
 20994 | Orc:2    | Found Jerour's General Store.
 20994 | Orc:2    | Found Veno's Gadget Shop.
 21047 | Orc:1    | Found a flagged portal.
 21056 | Bailey   | Entered a bailey
 21472 | Orc:1    | Found a roughly hewn altar of Beogh.
 22111 | Orc:2    | Noticed Donald
 22117 | Orc:2    | Killed Donald
 22150 | Orc:2    | Found a staircase to the Elven Halls.
 22409 | Orc:2    | Received a gift from Trog
 23325 | Orc:2    | Bought the -2 hat of the Alchemist {rElec rPois rF+ rC+ rN+
                  | MR+ rMut rCorr} for 755 gold pieces
 23325 | Orc:2    | Found the -2 hat of the Alchemist {rElec rPois rF+ rC+ rN+
                  | MR+ rMut rCorr}
 23340 | Orc:2    | Bought a scroll of enchant weapon for 75 gold pieces
 23340 | Orc:2    | Bought the +0 cloak of Tartarus {Str+3} for 178 gold pieces
 23386 | Elf:1    | Entered Level 1 of the Elven Halls
 23406 | Elf:1    | Reached XP level 16. HP: 96/96 MP: 7/23
 23946 | Elf:2    | Found Widial's Jewellery Shoppe.
 23987 | Elf:2    | Reached skill level 10 in Evocations
 24101 | Elf:2    | Bought the amulet of the Pure Spirits {Reflect rPois rN+
                  | Int+2 SH+3} for 564 gold pieces
 24119 | Elf:3    | Entered Level 3 of the Elven Halls
 24318 | Snake:1  | Entered Level 1 of the Snake Pit
 24328 | Snake:1  | Found Lom Meha's Assorted Antiques.
 24341 | Snake:1  | Bought a scroll of identify for 44 gold pieces
 24380 | Snake:1  | Received a gift from Trog
 24690 | Snake:1  | Paralysed by a salamander for 6 turns
 24707 | Snake:1  | Found Kigag's Gadget Boutique.
 24719 | Snake:1  | Found Womusargh's Food Shop.
 24719 | Snake:1  | Found Jihiat's Jewellery Boutique.
 24722 | Snake:1  | Found Pifiown's Distillery.
 24729 | Snake:1  | Received a gift from Trog
 24764 | Snake:1  | Bought a potion of heal wounds for 90 gold pieces
 24973 | Snake:1  | Reached skill level 10 in Fighting
 24984 | Snake:1  | Identified the +1 shield "Ocet" {-Cast rElec Int+6}
 25011 | Snake:1  | Reached ****** piety under Trog
 25317 | Snake:1  | Upgraded the game from 0.24-a0-263-gbee43f9 to
                  | 0.24-a0-264-gf46a388
 25597 | Snake:2  | Noticed Vashnia
 25598 | Snake:2  | Noticed Asterion
 26561 | Snake:2  | Reached XP level 17. HP: 77/103 MP: 8/24
 27087 | Snake:2  | Killed Vashnia
 27087 | Snake:2  | Received a gift from Trog
 27492 | Snake:2  | Killed Asterion
 28845 | Snake:1  | Bought a glowing broad axe for 154 gold pieces
 28974 | Snake:3  | Found a runed translucent door.
 28975 | Snake:3  | Found a shimmering altar of Xom.
 28975 | Snake:3  | Noticed Habimmeu's ghost (adept TrTm)
 29362 | Shoals:1 | Entered Level 1 of the Shoals
 29468 | Shoals:1 | Received a gift from Trog
 29984 | Shoals:1 | Reached skill level 15 in Armour
 29986 | Shoals:1 | Reached skill level 15 in Shields
 30937 | Shoals:2 | Reached XP level 18. HP: 82/110 MP: 8/26
 32096 | Shoals:3 | Noticed Polyphemus
 32160 | Shoals:3 | Killed Polyphemus
 32280 | Shoals:3 | Got a glittering garnet amulet
 32382 | Shoals:3 | Noticed Ilsuiw
 32425 | Shoals:3 | Killed Ilsuiw
 32904 | Shoals:4 | Entered Level 4 of the Shoals
 32914 | Shoals:4 | Identified the amulet of Biemaich {RegenMP Stlth+} (You
                  | found it on level 3 of the Shoals)
 32954 | Shoals:4 | Received a gift from Trog
 33456 | Shoals:4 | Found Saeb's Superlative Supplies.
 33773 | Shoals:4 | Got a barnacled rune of Zot
 34152 | Shoals:4 | Received a gift from Trog
 34962 | Snake:3  | Killed Habimmeu's ghost
 34965 | Snake:4  | Entered Level 4 of the Snake Pit
 34972 | Snake:4  | Reached XP level 19. HP: 115/117 MP: 27/27
 35117 | Snake:4  | Noticed Nikola
 35140 | Snake:4  | Killed Nikola
 36120 | Snake:4  | Received a gift from Trog
 36595 | Snake:4  | Received a gift from Trog
 36939 | Snake:4  | Got a serpentine rune of Zot
 37340 | Elf:2    | Bought the ring "Hichem" {MR+ Str+4} for 646 gold pieces
 37765 | D:12     | Reached XP level 20. HP: 123/127 MP: 21/29
 37812 | D:12     | Noticed Erolcha
 37832 | D:12     | Killed Erolcha
 38097 | D:12     | Received a gift from Trog
 38189 | D:12     | Found a runed translucent gate.
 38189 | D:12     | Found a runed translucent gate.
 38189 | D:12     | Found a runed translucent gate.
 38236 | D:12     | Found Coohojeu's Gadget Shoppe.
 38555 | D:12     | Noticed Hylith's ghost (journeyman MiFi)
 38557 | D:12     | Found an iron altar of Okawaru.
 38665 | D:12     | Killed Hylith's ghost
 38916 | D:13     | Received a gift from Trog
 39581 | D:14     | Found a gate to the Vaults.
 39734 | D:14     | Reached skill level 15 in Fighting
 40438 | D:15     | Entered Level 15 of the Dungeon
 40513 | D:15     | Received a gift from Trog
 40942 | D:15     | Found a staircase to the Depths.
 41048 | D:15     | Found a runed translucent door.
 41210 | Vaults:1 | Entered Level 1 of the Vaults
 41304 | Vaults:1 | Received a gift from Trog
 41308 | Vaults:1 | Found a runed translucent door.
 41308 | Vaults:1 | Noticed Xonlafob's ghost (adept CeHu)
 41330 | Vaults:1 | Killed Xonlafob's ghost
 41639 | Vaults:1 | Reached XP level 21. HP: 136/136 MP: 10/30
 41846 | Vaults:1 | Received a gift from Trog
 42757 | Vaults:2 | Noticed Sojobo
 42832 | Vaults:2 | Upgraded the game from 0.24-a0-264-gf46a388 to
                  | 0.24-a0-269-g32ec7ca
 43105 | Vaults:2 | Received a gift from Trog
 43682 | Vaults:1 | Killed Sojobo
 44111 | Vaults:2 | Noticed Jory
 44138 | Vaults:2 | Killed Jory
 44685 | Vaults:3 | Noticed Margery
 44701 | Vaults:3 | Killed Margery
 44763 | Vaults:3 | Found a magical portal.
 44772 | WizLab   | Entered Cigotuvi's Fleshworks
 44989 | WizLab   | Reached XP level 22. HP: 146/146 MP: 10/31
 45028 | WizLab   | Paralysed by a floating eye for 3 turns
 45039 | WizLab   | Paralysed by a floating eye for 4 turns
 45171 | WizLab   | Received a gift from Trog
 45240 | WizLab   | Paralysed by a floating eye for 3 turns
 45247 | WizLab   | Paralysed by a floating eye for 2 turns
 45257 | WizLab   | Paralysed by a floating eye for 3 turns
 45373 | WizLab   | Got a steaming bone ring
 45374 | WizLab   | Identified the ring of Obsession {rN+ MP+9 Dex+6} (You
                  | found it in a wizard's laboratory)
 45594 | WizLab   | HP: 4/146 [Cigotuvi's Monster (22)]
 46259 | Vaults:3 | Received a gift from Trog
 46653 | Vaults:3 | Found a staircase to the Crypt.
 47305 | Vaults:4 | Received a gift from Trog
 47866 | Vaults:4 | Reached XP level 23. HP: 144/155 MP: 11/33
 47944 | Vaults:4 | Found Hucvot's Book Emporium.
 48404 | Vaults:4 | Received a gift from Trog
 49366 | Depths:1 | Entered Level 1 of the Depths
 50189 | Depths:1 | Found a gateway to Hell.
 50587 | Depths:1 | Found Tadgh's One-of-a-Kind Books.
 50887 | Depths:2 | Received a gift from Trog
 50985 | Depths:2 | Found a gateway to a ziggurat.
 51433 | Depths:2 | Found a shimmering altar of Xom.
 51434 | Depths:2 | Found an opulent altar of Gozag.
 51434 | Depths:2 | Found an ornate altar of the Wu Jian Council.
 51951 | Depths:2 | Reached XP level 24. HP: 116/164 MP: 11/33
 52273 | Depths:2 | Identified a scroll of acquirement
 52287 | Depths:2 | Identified the +3 quarterstaff of Forced Transition {chaos,
                  | rPois Int+4 Dex+2}
 52372 | Depths:2 | Identified the +0 cloak of Hide-and-Seek {-Tele +Inv rF-
                  | Str+9} (You found it on level 2 of the Depths)
 52749 | Depths:2 | Received a gift from Trog
 54263 | Depths:3 | Identified the +1 cloak "Paxycek" {rElec Dex+3} (You
                  | acquired it on level 3 of the Depths)
 54718 | Depths:3 | Noticed a caustic shrike
 54730 | Depths:3 | Killed a caustic shrike
 54999 | Depths:3 | Received a gift from Trog
 55254 | Depths:3 | Found a one-way gate leading to the halls of Pandemonium.
 56327 | Depths:4 | Found the +8 Wrath of Trog {antimagic, *Rage}
 56419 | Depths:4 | Found a one-way gate to the infinite horrors of the Abyss.
 56462 | Depths:4 | Got a pair of slimy boots
 56468 | Depths:4 | Identified the cursed +0 pair of boots of Cickepreegh {rC+
                  | Int+4} (You found it on level 4 of the Depths)
 57031 | Depths:4 | Reached XP level 25. HP: 114/171 MP: 11/34
 57213 | Depths:4 | Received a gift from Trog
 57311 | Depths:4 | Identified Sif Muna's Almanac of Lightness
 57313 | Depths:4 | Identified Qonenas's Disquisition on Lightness
 57368 | Depths:5 | Entered Level 5 of the Depths
 57428 | Depths:5 | Noticed Boris
 57609 | Depths:5 | Killed Boris
 57978 | Depths:5 | Received a gift from Trog
 58179 | Depths:5 | Identified the +4 faerie dragon scales {rC++ rCorr Int-2
                  | Dex+8 Stlth-}
 58179 | Depths:5 | Noticed the Enchantress
 58216 | Depths:5 | Reached skill level 15 in Evocations
 58255 | Depths:5 | Found a runed translucent door.
 58255 | Depths:5 | Found a runed translucent door.
 58259 | Depths:5 | Found a runed translucent door.
 58266 | Depths:5 | HP: 5/172 [black draconian/bolt of lightning (10)]
 58980 | Depths:5 | Killed the Enchantress
 59284 | Depths:5 | Found a runed translucent door.
 59420 | Depths:5 | Found a runed translucent door.
 59420 | Depths:5 | Found a runed translucent door.
 59586 | Depths:5 | Found a gate to the Realm of Zot.
 59850 | Depths:5 | Found Komy's Jewellery Emporium.
 59850 | Depths:5 | Found Kept's Gadget Shop.
 59851 | Depths:5 | Found Illitar's Jewellery Emporium.
 59872 | Depths:5 | Bought a wand of acid (5) for 234 gold pieces
 60346 | Temple   | Entered the Ecumenical Temple
 60455 | Temple   | Fell from the grace of Trog
 60455 | Temple   | Became a worshipper of Makhleb the Destroyer
 60759 | Elf:2    | Identified Roxanne's Catalogue of Transmigration
 60759 | Elf:2    | Noticed Roxanne
 60770 | Elf:2    | Killed Roxanne
 60815 | Elf:2    | Found a huge runed translucent gate.
 60815 | Elf:2    | Found a huge runed translucent gate.
 60815 | Elf:2    | Found a huge runed translucent gate.
 60827 | Elf:2    | Found a huge runed translucent gate.
 60828 | Elf:2    | Found a huge runed translucent gate.
 61270 | Elf:2    | Reached * piety under Makhleb
 61645 | Elf:3    | Reached XP level 26. HP: 180/180 MP: 11/34
 61703 | Elf:3    | Reached skill level 1 in Invocations
 61984 | Elf:3    | Found a radiant altar of Vehumet.
 62111 | Elf:3    | Reached ** piety under Makhleb
 62147 | Elf:3    | Identified the Tome of Feathers and the Frostbite
 62163 | Elf:3    | Identified the +0 broad axe of Woxoennib {holy, rN+ Str+4
                  | SInv} (You found it on level 3 of the Elven Halls)
 62222 | Elf:3    | Identified the Catalogue of the Forgotten Eyes
 62234 | Elf:3    | Identified the +8 eveningstar of Turmoil {venom, rPois
                  | Str+2} (You found it on level 3 of the Elven Halls)
 62255 | Elf:3    | Identified the +1 ring mail of Indemnity {MR+}
 62276 | Elf:3    | Identified the Catalogue of the Glacier
 62278 | Elf:3    | Identified Buclage's Papyrus of Transmigration and
                  | Displacement
 63223 | Crypt:1  | Entered Level 1 of the Crypt
 63285 | Crypt:1  | Noticed Khufu
 63305 | Crypt:1  | Killed Khufu
 63757 | Crypt:1  | Reached skill level 5 in Invocations
 63839 | Crypt:1  | Found a basalt altar of Yredelemnul.
 63850 | Crypt:1  | Reached *** piety under Makhleb
 64342 | Crypt:2  | Identified the +1 leather armour of Intuition {+Blink
                  | rPois}
 64659 | Crypt:3  | Entered Level 3 of the Crypt
 64685 | Crypt:3  | Reached **** piety under Makhleb
 64904 | Crypt:3  | Found a staircase to the Tomb.
 64949 | Crypt:3  | Found a runed translucent gate.
 64949 | Crypt:3  | Found a runed translucent gate.
 65042 | Crypt:3  | Reached ***** piety under Makhleb
 65047 | Crypt:3  | Reached XP level 27. HP: 179/188 MP: 34/34
 65086 | Crypt:3  | Found a runed translucent gate.
 65086 | Crypt:3  | Noticed Pedghagu's ghost (adept GrFi)
 65103 | Crypt:3  | Killed Pedghagu's ghost
 65693 | Crypt:3  | Got a pair of polished boots
 65694 | Crypt:3  | Identified the +0 pair of boots of Honesty {rCorr} (You
                  | found it on level 3 of the Crypt)
 66622 | Crypt:3  | Found an ancient bone altar of Kikubaaqudgha.
 66625 | Crypt:3  | Found a basalt altar of Yredelemnul.
 66637 | Crypt:3  | Found the +4 dagger "Morg" {pain, MR+ Int+5}
 66643 | Crypt:3  | Identified the Almanac of Lethal Heat
 66704 | Crypt:3  | Identified the ring of Ucupteyf {rC+ rN+} (You found it on
                  | level 3 of the Crypt)
 66705 | Crypt:3  | Identified the ring of the Robin {rPois rN+ Int+2 Dex+2}
                  | (You found it on level 3 of the Crypt)
 66938 | Vaults:5 | Entered Level 5 of the Vaults
 66966 | Vaults:5 | Noticed an ancient lich
 66978 | Vaults:5 | Killed an ancient lich
 67024 | Vaults:5 | Noticed an ancient lich
 67039 | Vaults:5 | Killed an ancient lich
 67133 | Vaults:5 | Got a spiked large shield
 67144 | Vaults:5 | Identified the +1 large shield of Elyvilon's Castigation
                  | {rC+ Str+3 Dex+3} (You found it on level 5 of the Vaults)
 67146 | Vaults:5 | Got a wavering lead amulet
 67147 | Vaults:5 | Identified the amulet "Ilisus" {+Blink Regen+ Dex+3} (You
                  | found it on level 5 of the Vaults)
 67279 | Vaults:5 | Identified the ring "Zyth" {rF+ MP+9}
 67597 | Vaults:5 | Got an aquamarine-encrusted scale mail
 67621 | Vaults:5 | Identified the +8 flail of Anwum {antimagic, rElec rF++
                  | MR-}
 67733 | Vaults:5 | Reached ****** piety under Makhleb
 67838 | Vaults:5 | Reached skill level 10 in Invocations
 68112 | Vaults:5 | Identified the cursed +0 scale mail of Somewhere Else
                  | {*Drain rPois Int+5} (You found it on level 5 of the
                  | Vaults)
 68220 | Vaults:5 | Identified the ring "Sustoceb" {Str+6 Dex+4}
 68645 | Vaults:5 | Got a silver rune of Zot
 69603 | Zot:1    | Entered Level 1 of the Realm of Zot
 70692 | Zot:1    | Upgraded the game from 0.24-a0-269-g32ec7ca to
                  | 0.24-a0-271-ga0fc33f
 71669 | Zot:2    | Paralysed by Trog for 7 turns
 71904 | Zot:2    | Was forgiven by Trog
 72071 | Zot:2    | Cast into level 3 of the Abyss (green draconian)
 72251 | Abyss:4  | Got an abyssal rune of Zot
 72302 | Zot:2    | Escaped the Abyss
 74133 | Zot:4    | Found the macabre finger necklace {rN+}
 74208 | Zot:4    | Noticed an orb of fire
 74214 | Zot:4    | Gained mutation: You are weak. (Str -2) [an orb of fire]
 74218 | Zot:4    | Killed an orb of fire
 74912 | Zot:5    | Entered Level 5 of the Realm of Zot
 75252 | Hell     | Entered the Vestibule of Hell
 75252 | Hell     | Noticed Geryon
 75405 | Hell     | Killed Geryon
 75453 | Hell     | Found a gateway to the freezing wastes of Cocytus.
 75561 | Hell     | Found a gateway to the Iron City of Dis.
 75688 | Hell     | Found a gateway to the ashen valley of Gehenna.
 75773 | Hell     | Found a gateway to the decaying netherworld of Tartarus.
 75948 | Geh:1    | Entered Level 1 of Gehenna
 76910 | Geh:3    | Reached skill level 15 in Invocations
 77528 | Geh:7    | Entered Level 7 of Gehenna
 77823 | Geh:7    | Noticed the Serpent of Hell
 77845 | Geh:7    | Killed the Serpent of Hell
 78079 | Geh:7    | Identified the Almanac of Ignition and Clay
 78125 | Geh:7    | Found the ring of Shadows {Umbra +Inv Stlth+}
 78323 | Geh:7    | Identified the +7 sceptre of Asmodeus
 78323 | Geh:7    | Noticed Asmodeus
 78391 | Geh:7    | Killed Asmodeus
 78440 | Geh:7    | Got an obsidian rune of Zot
 78441 | Geh:7    | Identified the Incunabulum of Glamour
 78577 | Hell     | Lost mutation: You are weak. (Str -2) [potion of mutation]
 78577 | Hell     | Gained mutation: You tend to lose your temper in combat.
                  | [potion of mutation]
 78577 | Hell     | Gained mutation: Scrolls take you a little longer to read.
                  | [potion of mutation]
 78577 | Hell     | Gained mutation: You can translocate small distances at
                  | will. [potion of mutation]
 78578 | Hell     | Lost mutation: You tend to lose your temper in combat.
                  | [potion of mutation]
 78578 | Hell     | Lost mutation: You can translocate small distances at will.
                  | [potion of mutation]
 78578 | Hell     | Lost mutation: Scrolls take you a little longer to read.
                  | [potion of mutation]
 78578 | Hell     | Gained mutation: You are agile. (Dex +2) [potion of
                  | mutation]
 78578 | Hell     | Gained mutation: You are partially covered in iridescent
                  | scales. (AC +2) [potion of mutation]
 78578 | Hell     | Gained mutation: You are robust. (+10% HP) [potion of
                  | mutation]
 78630 | Coc:1    | Entered Level 1 of Cocytus
 78819 | Coc:1    | Reached skill level 27 in Fighting
 79204 | Coc:7    | Entered Level 7 of Cocytus
 79596 | Coc:7    | Identified the +2 pair of boots of Fanaticism {Str+5} (You
                  | found it on level 7 of Cocytus)
 79614 | Coc:7    | Reached skill level 27 in Axes
 79964 | Coc:7    | Noticed Antaeus
 80012 | Coc:7    | Killed Antaeus
 80039 | Coc:7    | Got an icy rune of Zot
 80059 | Coc:7    | Identified the ring "Usovosk" {rF++ MP+9 Str+7 Dex-2} (You
                  | found it on level 7 of Cocytus)
 80211 | Dis:1    | Entered Level 1 of the Iron City of Dis
 80717 | Dis:4    | You are sucked into a shaft!
 80800 | Dis:5    | Reached skill level 27 in Shields
 80981 | Dis:7    | Entered Level 7 of the Iron City of Dis
 81272 | Dis:7    | Found the cursed necklace of Bloodlust {*Rage +Rage MR++
                  | Int-3 Slay+6 *Curse}
 81742 | Dis:7    | Learned a level 9 spell: Shatter
 81984 | Dis:7    | Identified the +4 staff of Dispater
 81984 | Dis:7    | Identified the amulet "Fucack" {+Rage rElec rF- rN++ Dex+4}
 81984 | Dis:7    | Noticed Dispater
 82024 | Dis:7    | Killed Dispater
 82068 | Dis:7    | Got an iron rune of Zot
 82323 | Tar:1    | Entered Level 1 of Tartarus
 83840 | Tar:7    | Entered Level 7 of Tartarus
 84409 | Tar:7    | Noticed an ancient lich
 84409 | Tar:7    | Noticed an ancient lich
 84438 | Tar:7    | Killed an ancient lich
 84450 | Tar:7    | Killed an ancient lich
 84450 | Tar:7    | Reached skill level 27 in Armour
 84641 | Tar:7    | Reached skill level 1 in Throwing
 84647 | Tar:7    | Noticed Ereshkigal
 84692 | Tar:7    | Killed Ereshkigal
 84692 | Tar:7    | Reached skill level 1 in Earth Magic
 84696 | Tar:7    | Reached skill level 1 in Spellcasting
 84730 | Tar:7    | Got a bone rune of Zot
 85473 | Slime:1  | Entered Level 1 of the Pits of Slime
 85818 | Slime:5  | Entered Level 5 of the Pits of Slime
 85869 | Slime:5  | Noticed the Royal Jelly
 86415 | Slime:5  | Killed the Royal Jelly
 86442 | Slime:5  | Found the ring of the Octopus King
 86453 | Slime:5  | Identified the +6 chain mail "Seda Yhi" {Slay+3} (You found
                  | it on level 5 of the Pits of Slime)
 86456 | Slime:5  | Got a ring of the Octopus King
 86457 | Slime:5  | Identified a ring of the Octopus King {rN+ AC+1 EV+1 Str+1
                  | Int+1 Dex+1} (You found it on level 5 of the Pits of Slime)
 86482 | Slime:5  | Got a slimy rune of Zot
 86510 | Slime:5  | Found the amulet of the Air {Inacc +Fly rElec EV+5 RMsl}
 86554 | Slime:5  | Got a twisted broad axe
 86586 | Slime:5  | Identified the +9 broad axe "Niawk" {chop, *Slow +Rage +Inv
                  | Int+8} (You found it on level 5 of the Pits of Slime)
 86587 | Slime:5  | Identified the +1 chain mail of Courage {*Drain Str+3
                  | Int+4} (You found it on level 5 of the Pits of Slime)
 87085 | Pan      | Entered Pandemonium
 87183 | Pan      | Noticed Dacinn the pandemonium lord
 87206 | Pan      | Killed Dacinn the pandemonium lord
 87765 | Pan      | Reached skill level 27 in Invocations
 87839 | Pan      | Gained mutation: Scrolls take you a little longer to read.
                  | [a cacodemon]
 87927 | Pan      | Noticed Naarefeu the pandemonium lord
 87956 | Pan      | Killed Naarefeu the pandemonium lord
 87956 | Pan      | Reached skill level 5 in Earth Magic
 88207 | Pan      | Reached skill level 5 in Spellcasting
 88252 | Pan      | Found a runed translucent door.
 88258 | Pan      | Found a runed translucent door.
 88263 | Pan      | Found a runed translucent door.
 88265 | Pan      | Found a runed translucent door.
 88290 | Pan      | Noticed Uripiysoi the pandemonium lord
 88302 | Pan      | Killed Uripiysoi the pandemonium lord
 88307 | Pan      | Got a demonic rune of Zot
 88837 | Pan      | Noticed Qocka the pandemonium lord
 88853 | Pan      | Killed Qocka the pandemonium lord
 88893 | Pan      | Reached skill level 10 in Earth Magic
 89237 | Pan      | Found a transporter.
 89263 | Pan      | Found a transporter.
 89355 | Pan      | Identified the ring "Xaporgh" {Wiz Int+2 Dex+2} (You found
                  | it in Pandemonium)
 89402 | Pan      | Identified the +1 helmet of Patterns {rF- rC+ Str+6 Dex+3}
                  | (You found it in Pandemonium)
 89906 | Pan      | Identified the cursed +0 helmet of Zeng {Stlth+} (You found
                  | it in Pandemonium)
 89996 | Pan      | Reached skill level 10 in Spellcasting
 90204 | Pan      | Noticed Mennas
 90233 | Pan      | Killed Mennas
 90360 | Pan      | Found a transporter.
 90395 | Pan      | Gained mutation: Your body sometimes deteriorates upon
                  | taking damage. [a cacodemon]
 90471 | Pan      | Found a transporter.
 90499 | Pan      | Identified the amulet of Rawnokux {Faith Str+2 Int+7 SInv}
                  | (You found it in Pandemonium)
 90506 | Pan      | Identified the amulet of Untruth {rF+ Regen+ Int+3 Dex-3}
                  | (You found it in Pandemonium)
 90517 | Pan      | Identified Ynoffy's Papyrus of Frigorific Augmentations
 90618 | Pan      | Reached skill level 15 in Earth Magic
 90924 | Pan      | Noticed Qoshreqa the pandemonium lord
 90939 | Pan      | Killed Qoshreqa the pandemonium lord
 91099 | Pan      | Identified the ring "Izalus" {+Inv +Fly Int+2 Dex+5} (You
                  | found it in Pandemonium)
 91147 | Depths:3 | Escaped Pandemonium
 91379 | Pan      | Noticed Gloorx Vloq
 91737 | Pan      | Got a dark rune of Zot
 92401 | Pan      | Killed Gloorx Vloq
 93086 | Pan      | Found an exit through the horrors of the Abyss.
 93159 | Pan      | Reached skill level 15 in Spellcasting
 93505 | Pan      | Found a huge runed translucent gate.
 93513 | Pan      | Found a huge runed translucent gate.
 93514 | Pan      | Found a huge runed translucent gate.
 93514 | Pan      | Found a huge runed translucent gate.
 93514 | Pan      | Found a huge runed translucent gate.
 93514 | Pan      | Found a huge runed translucent gate.
 93515 | Pan      | Found a huge runed translucent gate.
 93521 | Pan      | Noticed Anoipt the pandemonium lord
 93546 | Pan      | Killed Anoipt the pandemonium lord
 94190 | Pan      | Noticed Megiacut the pandemonium lord
 94212 | Pan      | Killed Megiacut the pandemonium lord
 94361 | Pan      | Found a white marble altar of Elyvilon.
 94934 | Pan      | Found a glowing silver altar of Zin.
 95997 | Pan      | Identified the +7 chain mail "Zucuosta" {Dex+3 Slay+3}
 96003 | Pan      | Noticed a seraph
 96024 | Pan      | Killed a seraph
 96044 | Pan      | Found a glowing golden altar of the Shining One.
 96197 | Pan      | Identified the Volume of Supportive Flight
 96201 | Pan      | Identified the Guide on Boosting Transmutation
 96381 | Depths:3 | Escaped Pandemonium
 97018 | Pan      | Found an exit through the horrors of the Abyss.
 97463 | Pan      | Noticed Lom Lobon
 97797 | Pan      | Killed Lom Lobon
 97827 | Pan      | Got a magical rune of Zot
 97967 | Pan      | Noticed Puturam the pandemonium lord
 97980 | Pan      | Killed Puturam the pandemonium lord
 98296 | Pan      | Found an exit through the horrors of the Abyss.
 98485 | Pan      | Noticed Plog the pandemonium lord
 98497 | Pan      | Killed Plog the pandemonium lord
 98610 | Pan      | Noticed Wiadiem the pandemonium lord
 98617 | Pan      | Killed Wiadiem the pandemonium lord
 99342 | Pan      | Identified the +7 broad axe of Nutaomai {flame, rC+ Str+3}
 99352 | Pan      | Identified the +6 sword of Cerebov {flame}
 99352 | Pan      | Noticed Cerebov
 99399 | Pan      | Killed Cerebov
 99423 | Pan      | Identified the +1 flail "Kiamynk" {protect, *Drain rF+++
                  | rC+ Dex+3}
 99846 | Pan      | Got a fiery rune of Zot
100001 | Pan      | Found an exit through the horrors of the Abyss.
100036 | Pan      | Found a runed translucent door.
100036 | Pan      | Found a runed translucent door.
100042 | Pan      | Found a runed translucent door.
100042 | Pan      | Found a runed translucent door.
100071 | Pan      | Noticed Piezall the pandemonium lord
100223 | Pan      | Killed Piezall the pandemonium lord
100538 | Pan      | Noticed Mnoleg
100561 | Pan      | Paralysed by a floating eye for 3 turns
100576 | Pan      | Killed Mnoleg
100618 | Pan      | Gained mutation: You are dopey. (Int -2) [a neqoxec]
100647 | Pan      | Identified the +8 plate armour "Wallaut" {Int+4 Dex-3} (You
                  | found it in Pandemonium)
100689 | Pan      | Got a glowing rune of Zot
100886 | Pan      | Found an exit through the horrors of the Abyss.
100907 | Pan      | Gained mutation: Armour fits poorly on your strangely
                  | shaped body. [a cacodemon]
100949 | Pan      | Took an exit into the Abyss.
100949 | Abyss:1  | Escaped into the Abyss
101142 | Abyss:1  | Found a corrupted altar of Lugonu.
101217 | Depths:3 | Escaped the Abyss
101226 | Depths:3 | Lost mutation: Armour fits poorly on your strangely shaped
                  | body. [potion of mutation]
101226 | Depths:3 | Lost mutation: You are partially covered in iridescent
                  | scales. (AC +2) [potion of mutation]
101226 | Depths:3 | Lost mutation: You are dopey. (Int -2) [potion of mutation]
101226 | Depths:3 | Gained mutation: Your natural rate of healing is unusually
                  | fast. [potion of mutation]
101226 | Depths:3 | Gained mutation: Your spells are a little harder to cast,
                  | but a little more powerful. [potion of mutation]
101227 | Depths:3 | Lost mutation: Your spells are a little harder to cast, but
                  | a little more powerful. [potion of mutation]
101227 | Depths:3 | Lost mutation: You are agile. (Dex +2) [potion of mutation]
101227 | Depths:3 | Lost mutation: Scrolls take you a little longer to read.
                  | [potion of mutation]
101227 | Depths:3 | Gained mutation: Potions are less effective at restoring
                  | your health. [potion of mutation]
101227 | Depths:3 | Lost mutation: Your body sometimes deteriorates upon taking
                  | damage. [potion of mutation]
101227 | Depths:3 | Gained mutation: Your skin changes colour to match your
                  | surroundings (Stealth+). [potion of mutation]
101227 | Depths:3 | Gained mutation: You have large cloven feet. [potion of
                  | mutation]
101228 | Depths:3 | Lost mutation: You have large cloven feet. [potion of
                  | mutation]
101228 | Depths:3 | Lost mutation: Potions are less effective at restoring your
                  | health. [potion of mutation]
101228 | Depths:3 | Lost mutation: Your natural rate of healing is unusually
                  | fast. [potion of mutation]
101228 | Depths:3 | Gained mutation: You are agile. (Dex +2) [potion of
                  | mutation]
101228 | Depths:3 | Gained mutation: You expend magic power (3 MP) to
                  | strengthen your wands. [potion of mutation]
101658 | Tomb:1   | Entered Level 1 of the Tomb of the Ancients
102216 | Tomb:1   | Noticed a greater mummy
102225 | Tomb:1   | Noticed an ancient lich
102241 | Tomb:1   | Killed an ancient lich
102255 | Tomb:1   | Killed a greater mummy
102255 | Tomb:1   | Reached skill level 27 in Earth Magic
102778 | Tomb:1   | Noticed a greater mummy
102779 | Tomb:1   | Noticed a greater mummy
102784 | Tomb:1   | Noticed a greater mummy
102790 | Tomb:1   | Killed a greater mummy
102791 | Tomb:1   | Noticed a greater mummy
102796 | Tomb:1   | Killed a greater mummy
102798 | Tomb:1   | Noticed a greater mummy
102803 | Tomb:1   | Noticed a greater mummy
102803 | Tomb:1   | Noticed a greater mummy
102803 | Tomb:1   | Noticed a greater mummy
102804 | Tomb:1   | Noticed a greater mummy
103402 | Tomb:1   | Noticed a greater mummy
103482 | Tomb:1   | Killed a greater mummy
103511 | Tomb:1   | Killed a greater mummy
103528 | Tomb:1   | Noticed a greater mummy
103535 | Tomb:1   | Killed a greater mummy
103535 | Tomb:1   | Noticed a greater mummy
103549 | Tomb:1   | Killed a greater mummy
103555 | Tomb:1   | Noticed a greater mummy
103565 | Tomb:1   | Killed a greater mummy
103583 | Tomb:1   | Killed a greater mummy
103686 | Tomb:1   | Noticed a greater mummy
103695 | Tomb:1   | Killed a greater mummy
103702 | Tomb:1   | Noticed a greater mummy
103715 | Tomb:1   | Killed a greater mummy
103760 | Tomb:1   | Killed a greater mummy
103899 | Tomb:1   | Killed a greater mummy
103935 | Tomb:1   | Noticed a greater mummy
103954 | Tomb:1   | Killed a greater mummy
103980 | Tomb:1   | Noticed a greater mummy
103981 | Tomb:1   | Noticed a greater mummy
103993 | Tomb:1   | Killed a greater mummy
104002 | Tomb:1   | Killed a greater mummy
104016 | Tomb:1   | Killed a greater mummy
104117 | Tomb:1   | Noticed a greater mummy
104123 | Tomb:1   | Noticed a greater mummy
104128 | Tomb:1   | Killed a greater mummy
104143 | Tomb:1   | Killed a greater mummy
104171 | Tomb:1   | Noticed a greater mummy
104173 | Tomb:1   | Noticed a greater mummy
104183 | Tomb:1   | Killed a greater mummy
104193 | Tomb:1   | Noticed a greater mummy
104194 | Tomb:1   | Killed a greater mummy
104209 | Tomb:1   | Killed a greater mummy
104224 | Tomb:1   | Killed a greater mummy
104284 | Tomb:2   | Noticed a greater mummy
104289 | Tomb:2   | Noticed a greater mummy
104292 | Tomb:2   | Noticed a greater mummy
104292 | Tomb:2   | Noticed a greater mummy
104292 | Tomb:2   | Noticed a greater mummy
104298 | Tomb:2   | Killed a greater mummy
104306 | Tomb:2   | Killed a greater mummy
104311 | Tomb:2   | Killed a greater mummy
104312 | Tomb:2   | Killed a greater mummy
104325 | Tomb:2   | Killed a greater mummy
105027 | Tomb:3   | Entered Level 3 of the Tomb of the Ancients
105068 | Tomb:3   | Noticed a greater mummy
105074 | Tomb:3   | Noticed a greater mummy
105075 | Tomb:3   | Noticed a greater mummy
105077 | Tomb:3   | Noticed a greater mummy
105079 | Tomb:3   | Noticed an ancient lich
105087 | Tomb:3   | Noticed a greater mummy
105088 | Tomb:3   | Killed an ancient lich
105089 | Tomb:3   | Noticed a greater mummy
105090 | Tomb:3   | Killed a greater mummy
105167 | Tomb:3   | Killed a greater mummy
105169 | Tomb:3   | Killed a greater mummy
105174 | Tomb:3   | Killed a greater mummy
105175 | Tomb:3   | Killed a greater mummy
105185 | Tomb:3   | Killed a greater mummy
105187 | Tomb:3   | Noticed a greater mummy
105199 | Tomb:3   | Noticed a greater mummy
105223 | Tomb:3   | Killed a greater mummy
105235 | Tomb:3   | Killed a greater mummy
105499 | Tomb:3   | Got a golden rune of Zot
105534 | Tomb:3   | Found the +8 lance "Wyrmbane" {slay drac, rPois rF+ rC+
                  | AC+3}
105562 | Tomb:3   | Got a warped bronze ring
105563 | Tomb:3   | Identified the ring "Payxtoog" {rPois rF+ rN++ MR- Str+3}
                  | (You found it on level 3 of the Tomb of the Ancients)
105703 | Tomb:1   | Noticed a greater mummy
105710 | Tomb:1   | Killed a greater mummy
105759 | Tomb:1   | Killed a greater mummy
106361 | Zot:5    | Noticed an ancient lich
106361 | Zot:5    | Noticed an ancient lich
106367 | Zot:5    | Killed an ancient lich
106371 | Zot:5    | Killed an ancient lich
106508 | Zot:5    | Reached skill level 27 in Spellcasting
106765 | Zot:5    | Noticed an orb of fire
106790 | Zot:5    | Killed an orb of fire
106835 | Zot:5    | Noticed an ancient lich
106841 | Zot:5    | Killed an ancient lich
107051 | Zot:5    | Noticed an orb of fire
107068 | Zot:5    | Killed an orb of fire
107102 | Zot:5    | Reached skill level 5 in Dodging
107154 | Zot:5    | Noticed an ancient lich
107163 | Zot:5    | Killed an ancient lich
107220 | Zot:5    | Got the Orb of Zot
107599 | Depths:1 | Noticed Carios the pandemonium lord
107606 | Depths:1 | Killed Carios the pandemonium lord
108002 | D:$      | Escaped with the Orb!

Levels and vault maps discovered:
D:1:      dpeg_arrival_simpleton_a, layout_loops_ring
D:2:      minmay_razor_zed, layout_rooms, chequers_ecumenical_altar_island,
          uniq_crazy_yiuf_cottage
D:3:      layout_basic, serial_bayou_pond_e
D:4:      layout_basic, grunt_gozag_statues, first_ration
D:5:      layout_layer_cave, serial_shops, shop, portal_sewer_entry_b,
          kennysheep_generic_room_15
D:6:      lemuel_ice_spiral_2, layout_rooms,
          nicolae_dithmenos_through_a_glass_darkly, serial_shops, shop,
          nicolae_ru_sacrificial_ziggurat
D:7:      layout_basic, temple_fountains, uniq_harold
D:8:      layout_rooms, grunt_livestock, uniq_pikel, uniq_grum
D:9:      gammafunk_wand_slinger, layout_layer_cave,
          chequers_temple_overflow_statue_of_worship, uniq_gastronok
D:10:     layout_small_grid, david_lair_generic, david_orc_1_choice,
          bh_walls_and_bars
D:11:     layout_basic, uniq_sonja, uniq_nergalle, uniq_fannar, uniq_josephine
D:12:     layout_cave_pods, serial_shops, shop, gammafunk_ghost_fury_of_okawaru,
          uniq_erolcha
D:13:     layout_basic, einodemon_barbed_minivault
D:14:     layout_irregular_city, lightli_vaults_fourway_checkpoint,
          hangedman_abyss_or_decor_stabs
D:15:     grunt_enter_depths_giant_problem, layout_cave_pools,
          minmay_misc_feat_rugged, kennysheep_treasure_room
Temple:   dpeg_five_rooms_temple
Lair:1:   layout_gridlike, kennysheep_rathole, grunt_megastairs_1, uniq_joseph
Lair:2:   layout_misc_corridors, grunt_forest_large_clearings,
          infiniplex_staircase_pool_2
Lair:3:   layout_cave_pods, elwin_shoals_entry_stream,
          minmay_snake_entry_guardpost_large, uniq_rupert, uniq_urug
Lair:4:   layout_roguey, portal_ice_cave_entry_animals_and_master
Lair:5:   layout_small_grid, slime_altar_2, beast_lair_carwin_4,
          grunt_megastairs_3, uniq_snorg
Lair:6:   cheibrodos_lair_end_hotspot, layout_misc_corridors,
          serial_bayou_ford_a
Shoals:1: layout_shoals, ldierk_geyser
Shoals:2: layout_shoals, yaktaur_hedge
Shoals:3: layout_shoals, uniq_polyphemus, uniq_ilsuiw
Shoals:4: shoals_end_hangedman, layout_shoals, shoals_ilsuiw_alternative,
          nicolae_alphabet_shops
Snake:1:  layout_misc_corridors, serial_shops, nicolae_shop_overgrown_old_shop,
          serial_bayou_pond_a, minmay_shoptagon, grunt_megastairs_2
Snake:2:  nicolae_sea_snake_s, layout_chambers, uniq_vashnia, uniq_asterion
Snake:3:  layout_cave_shapes, ebering_ghost_xom, grunt_ministairs_1
Snake:4:  johnstein_snake_rune_scales, layout_cave_town, uniq_nikola
Slime:1:  layout_caves
Slime:2:  layout_caves
Slime:3:  layout_caves, nicolae_slime_welcoming_committee
Slime:4:  layout_caves
Slime:5
Orc:1:    cheibrodos_orc_bank, layout_diamond_mine, enter_bailey_6,
          serial_shops, nicolae_shop_statue_plus, basic_altar,
          nicolae_orc_damp_corner
Orc:2:    st_orc_ogre_mass, layout_diamond_mine, enter_volcano_4, uniq_donald
Elf:1:    eino_elf_arrival_customs, layout_loops_corners,
          kennysheep_underground_church, uniq_aizul
Elf:2:    layout_gridlike, serial_shops, shop, uniq_roxanne
Elf:3:    grunt_elf_hall_asides, layout_geoelf_grid, basic_altar
Vaults:1: ebering_vaults_ghost_inner_flame, dpeg_vaults_monster_row,
          hangedman_vaults_stretched_pinwheel, sword_in_stone,
          ontoclasm_vaults_misaligned, v_misc_24, v_misc_1,
          nicolae_vaults_circle_grid_a, vaults_room_grunt_arrival_ludios,
          nicolae_vaults_circle_grid_a, nicolae_vaults_hallways_thing,
          ontoclasm_vaults_ligature, ontoclasm_vaults_pinch,
          nicolae_vaults_mini_display_case, nicolae_vaults_little_squares_5,
          layout_vaults_ring
Vaults:2: v_misc_17, nicolae_vaults_circle_grid_b,
          nicolae_vaults_network_quinsquares
          [nicolae_vaults_network_quincunx_subvault,
          nicolae_vaults_network_quincunx_subvault,
          nicolae_vaults_network_quincunx_subvault,
          nicolae_vaults_network_quincunx_subvault], ontoclasm_vaults_idyll,
          vaults_room_ringed_pool, nicolae_vaults_little_squares_5, v_misc_5,
          nicolae_vaults_shelves_hall, dpeg_vaults_monster_box,
          layout_vaults_big_cross, uniq_sojobo, uniq_jory
Vaults:3: nicolae_vaults_network_square, minmay_crypt_entry_simple_walls,
          nicolae_vaults_ring_of_whatevers, grunt_vaults_diagonal,
          hangedman_vaults_pinch, hangedman_vaults_stitches, v_pattern_2,
          grunt_vaults_focal, v_misc_28, hangedman_vaults_impose,
          vaults_mumra_lcd, grunt_vaults_swirl, layout_vaults_maze_snakey,
          mu_enter_wizlab_5, uniq_margery
Vaults:4: grunt_vaults_hallway_short, v_rooms_2, nicolae_vaults_c_with_doors,
          v_alt_pattern_4, hangedman_vaults_stagger,
          nicolae_vaults_little_squares_2, layout_vaults_omnigrid, serial_shops,
          shop
Vaults:5: serial_shops
Crypt:1:  layout_chaotic_city, basic_altar, skrybe_necro_troll_2,
          grunt_crypt_arrival_split, uniq_khufu
Crypt:2:  layout_rooms, serial_corexii_hall, corexii_hall_statues_deadend,
          corexii_hall_statues_i
Crypt:3:  lightli_unholy_cathedral, layout_chaotic_city,
          ebering_ghost_rock_garden, lemuel_dead_fish_pool
Tomb:1
Tomb:2
Tomb:3
Depths:1: layout_cave_pools, hangedman_geh_valley,
          chequers_serial_rivers_room_a, minmay_stone_trees_medium,
          hangedman_decor_push, st_stairs_13, nicolae_rare_books
Depths:2: hangedman_slaughterboxes, hell_entry
Depths:3: minmay_the_grid_triangle_9x9_recursive_2
          [minmay_the_grid_triangle_9x9_prize_insulated,
          minmay_the_grid_triangle_9x9_empty,
          minmay_the_grid_triangle_9x9_limited_checkers,
          minmay_the_grid_triangle_9x9_cache], layout_cave_shapes,
          chequers_serial_rivers_micro_a, hell_entry, rand_demon_pan_entry_4,
          infiniplex_staircase_hallway_doors
Depths:4: mu_elemental_laboratory, layout_twisted_cross, hell_entry,
          abyss_entry, minmay_guarded_unrand_wrath_of_trog,
          infiniplex_staircase_zigzag_1, serial_bayou_shore_a
Depths:5: evilmike_zot_entry_castle, layout_gridville, serial_bayou_pond_e,
          hell_entry, minmay_shop_grove, uniq_enchantress, uniq_boris
Hell
Dis:1:    layout_chaotic_city
Dis:2:    layout_subdivisions
Dis:3:    layout_jigsaw
Dis:4:    layout_subdivisions
Dis:5:    layout_regular_city
Dis:6:    layout_regular_city, nicolae_dis_iron_filings
Dis:7:    dis_hangedman
Geh:1:    layout_gehenna_lava_caves
Geh:2:    layout_gehenna_lava_caves
Geh:3:    layout_gehenna_pools_basic
Geh:4:    layout_gehenna_pools_triple, lemuel_old_faithful
Geh:5:    layout_gehenna_pools_basic
Geh:6:    layout_gehenna_lava_caves
Geh:7:    geh_grunt
Coc:1:    layout_cocytus_water_paths
Coc:2:    layout_cocytus_water_paths
Coc:3:    layout_cocytus_water_paths
Coc:4:    layout_cocytus_water_paths
Coc:5:    layout_cocytus_water_paths, lemuel_elevator
Coc:6:    layout_cocytus_water_paths
Coc:7:    coc_hangedman
Tar:1:    layout_catacombs
Tar:2:    layout_grid_maze
Tar:3:    layout_cathedral_of_symmetry
Tar:4:    layout_cathedral_of_symmetry
Tar:5:    layout_honeycomb, nicolae_tar_cuneiform_heaven
Tar:6:    layout_grid_maze
Tar:7:    tar_old
Zot:1:    layout_basic
Zot:2:    layout_cathedral_of_symmetry, bh_zot_lava_cross, lemuel_golem_globe
Zot:3:    grunt_zot_stairs_overgrown, layout_gridlike
Zot:4:    layout_onion, guppyfry_library_mini
Zot:5:    layout_misc_corridors
Abyss:1
Abyss:3
Abyss:4:  hangedman_decor_points, grunt_abyss_rune_wretched_hive,
          hangedman_decor_peaks_small
Pan:      mnoleg_grunt_wretched_star, layout_pan_divisions_a
          [pan_division_quadrant_a4, pan_division_quadrant_a6,
          pan_division_quadrant_a4, pan_division_quadrant_a3,
          pan_division_octagon_empty], nicolae_pan_sigil_nadil
Sewer:    sewer_fruit_machine
Bailey:   bailey_polearm_2, bailey
IceCv:    ice_cave_caverns_01
WizLab:   wizlab_cigotuvi

Skill      XL: |  1  2  3  4  5  6  7  8  9 10 11 12 13 14 15 16 17 18 19 20 21 22 23 24 25 26 27 |
---------------+----------------------------------------------------------------------------------+-----
Axes           | 3 4 5 6 8 9 10 11 12 14 15 16 17 18 19 20 21 22 23 24 27 | 27.0
Dodging        | 2 9 |  9.2
Fighting       | 4 5 6 7 8 9 10 11 12 14 16 17 19 20 21 22 23 27 | 27.0
Evocations     | 1 2 3 4 5 6 7 8 9 10 11 12 13 14 15 17 | 17.7
Armour         | 3 4 5 6 7 8 9 10 11 12 13 15 16 17 18 19 20 21 27 | 27.0
Shields        | 1 2 4 6 7 9 10 11 12 13 14 15 16 17 18 19 27 | 27.0
Invocations    | 7 27 | 27.0
Throwing       | 1 |  1.0
Earth Magic    | 27 | 27.0
Spellcasting   | 27 | 27.0
Unarmed Combat | |  0.4

Action                   |  1- 3 |  4- 6 |  7- 9 | 10-12 | 13-15 | 16-18 | 19-21 | 22-24 | 25-27 || total
-------------------------+-------+-------+-------+-------+-------+-------+-------+-------+-------++-------
Melee: Hand axe          |   133 |   122 |   125 |   713 |    71 |       |       |       |       ||  1164
       War axe           |       |   127 |   345 |       |       |       |       |       |       ||   472
       Broad axe         |       |       |       |       |  1255 |  1401 |  1517 |  1688 | 12032 || 17893
Throw: Javelin           |       |       |       |       |       |     4 |       |       |       ||     4
 Cast: Shatter           |       |       |       |       |       |       |       |       |     5 ||     5
Invok: Berserk           |       |     3 |     5 |     9 |    14 |     1 |     8 |       |       ||    40
       Brothers in Arms  |       |       |       |     1 |     4 |       |       |       |       ||     5
       Trog's Hand       |       |       |       |       |     3 |     1 |     4 |     4 |     1 ||    13
 Abil: Fly               |       |       |       |       |     1 |       |       |       |       ||     1
Evoke: Wand              |       |       |     3 |    14 |    23 |    53 |    13 |    13 |    59 ||   178
  Use: Scroll            |       |    10 |     5 |     9 |    14 |    13 |     6 |    14 |    77 ||   148
       Potion            |       |       |     1 |     2 |     2 |       |       |     2 |    20 ||    27
 Stab: Paralysed         |       |       |    13 |    34 |     7 |       |       |     5 |     3 ||    62
       Confused          |       |       |     3 |     2 |     1 |       |       |       |     5 ||    11
       Petrifying        |       |       |       |     3 |       |       |     2 |       |     2 ||     7
       Petrified         |       |       |       |     1 |       |       |     1 |       |     1 ||     3
       Invisible         |       |       |       |       |    11 |       |       |       |       ||    11
       Distracted        |       |       |       |       |       |     3 |     1 |       |     6 ||    10
  Eat: Chunk             |     2 |    12 |    16 |    26 |    45 |    30 |    36 |    38 |    96 ||   301
       Ration            |       |       |     1 |     2 |       |     3 |     2 |     1 |    27 ||    36
Armor: Animal skin       |    48 |    48 |       |       |       |       |       |       |       ||    96
       Ring mail         |       |    56 |       |       |       |       |       |       |       ||    56
       Chain mail        |       |     7 |   156 |       |       |       |       |       |       ||   163
       Plate armour      |       |       |   100 |   237 |   515 |   505 |   549 |   704 |   818 ||  3428
       Gold dragon scale |       |       |       |       |       |       |       |       |  3790 ||  3790
Dodge: Dodged            |    86 |   115 |    44 |    58 |   147 |   197 |   159 |   232 |  1587 ||  2625
Block: Large shield      |       |    84 |   569 |   577 |  1418 |  1628 |  1480 |  1662 | 13439 || 20857
       Reflection        |       |     2 |     8 |    11 |    43 |   202 |   161 |   129 |   253 ||   809

Table legend:
 A = Non-vault XP
 B = Vault XP
 C = Vault XP percentage of total XP
 D = Non-vault monster count
 E = Vault monster count
 F = Vault count percentage of total count
                 A         B        C        D         E       F
            +---------+---------+-------+---------+---------+-------
      Total | 2347591 | 2298550 |  49.5 |    3583 |    2003 |  35.9
            +---------+---------+-------+---------+---------+-------
        D:1 |      56 |       0 |   0.0 |      30 |       0 |   0.0
        D:2 |      72 |      85 |  54.1 |      30 |      13 |  30.2
        D:3 |     176 |       0 |   0.0 |      25 |       0 |   0.0
        D:4 |     148 |       0 |   0.0 |      12 |       0 |   0.0
        D:5 |     428 |     109 |  20.3 |      20 |       6 |  23.1
        D:6 |     610 |       0 |   0.0 |      16 |       0 |   0.0
        D:7 |     524 |     771 |  59.5 |      15 |       4 |  21.1
        D:8 |    1755 |    1867 |  51.5 |      19 |       7 |  26.9
        D:9 |    2346 |    2286 |  49.4 |      21 |       1 |   4.5
       D:10 |    3849 |    1943 |  33.5 |      20 |      13 |  39.4
       D:11 |    1665 |    4199 |  71.6 |      17 |       7 |  29.2
       D:12 |    9728 |    7334 |  43.0 |      49 |      11 |  18.3
       D:13 |    8055 |    2916 |  26.6 |      36 |      10 |  21.7
       D:14 |    6466 |    7957 |  55.2 |      35 |      12 |  25.5
       D:15 |   32775 |    5339 |  14.0 |      81 |       4 |   4.7
     Lair:1 |    2466 |     987 |  28.6 |      15 |      11 |  42.3
     Lair:2 |    1594 |    3843 |  70.7 |       5 |      30 |  85.7
     Lair:3 |    4515 |    6202 |  57.9 |      14 |      14 |  50.0
     Lair:4 |    4093 |    2108 |  34.0 |      17 |       8 |  32.0
     Lair:5 |    9233 |   11363 |  55.2 |      30 |      11 |  26.8
     Lair:6 |   10264 |    6912 |  40.2 |      31 |      26 |  45.6
   Shoals:1 |   16725 |       0 |   0.0 |      32 |       0 |   0.0
   Shoals:2 |   27926 |    3092 |  10.0 |      47 |       4 |   7.8
   Shoals:3 |    6022 |    5499 |  47.7 |      14 |       6 |  30.0
   Shoals:4 |   13446 |   22929 |  63.0 |      26 |      33 |  55.9
    Snake:1 |   20761 |    3742 |  15.3 |      43 |       6 |  12.2
    Snake:2 |   25873 |   14541 |  36.0 |      50 |      14 |  21.9
    Snake:3 |   11760 |    4211 |  26.4 |      20 |       4 |  16.7
    Snake:4 |   27458 |   50592 |  64.8 |      47 |      72 |  60.5
    Slime:1 |    4389 |       0 |   0.0 |       8 |       0 |   0.0
    Slime:2 |   10398 |       0 |   0.0 |      20 |       0 |   0.0
    Slime:3 |   11755 |      50 |   0.4 |      12 |       7 |  36.8
    Slime:4 |   25588 |    1878 |   6.8 |      37 |       1 |   2.6
    Slime:5 |   16885 |   31046 |  64.8 |      23 |      14 |  37.8
      Orc:1 |    4722 |     909 |  16.1 |      47 |      18 |  27.7
      Orc:2 |    6184 |   20392 |  76.7 |      36 |      39 |  52.0
      Elf:1 |    5742 |    2255 |  28.2 |       7 |       4 |  36.4
      Elf:2 |    9332 |   25055 |  72.9 |      14 |      28 |  66.7
      Elf:3 |   18760 |   41388 |  68.8 |      27 |      27 |  50.0
   Vaults:1 |   26495 |   40312 |  60.3 |      46 |      30 |  39.5
   Vaults:2 |   18111 |   22259 |  55.1 |      45 |      26 |  36.6
   Vaults:3 |   19777 |   31142 |  61.2 |      33 |      32 |  49.2
   Vaults:4 |   51342 |   42562 |  45.3 |      57 |      47 |  45.2
   Vaults:5 |   31000 |  131682 |  80.9 |      48 |      89 |  65.0
    Crypt:1 |   10080 |   11009 |  52.2 |      25 |       9 |  26.5
    Crypt:2 |   27389 |       0 |   0.0 |      42 |       0 |   0.0
    Crypt:3 |   28952 |   44272 |  60.5 |      41 |      39 |  48.8
     Tomb:1 |   12317 |  209136 |  94.4 |      25 |      73 |  74.5
     Tomb:2 |   14864 |   53316 |  78.2 |      33 |      52 |  61.2
     Tomb:3 |    9000 |   79463 |  89.8 |      20 |      59 |  74.7
   Depths:1 |   35140 |    1017 |   2.8 |      48 |       2 |   4.0
   Depths:2 |   21148 |   87678 |  80.6 |      26 |      84 |  76.4
   Depths:3 |   21908 |   16061 |  42.3 |      29 |      13 |  31.0
   Depths:4 |   24844 |   14244 |  36.4 |      28 |      29 |  50.9
   Depths:5 |   38045 |   68026 |  64.1 |      38 |      44 |  53.7
       Hell |   22888 |   18037 |  44.1 |      24 |      29 |  54.7
      Dis:1 |    1582 |       0 |   0.0 |       3 |       0 |   0.0
      Dis:2 |     851 |       0 |   0.0 |       3 |       0 |   0.0
      Dis:3 |   16641 |       0 |   0.0 |      34 |       0 |   0.0
      Dis:4 |   27345 |       0 |   0.0 |      31 |       0 |   0.0
      Dis:5 |   16841 |       0 |   0.0 |      36 |       0 |   0.0
      Dis:6 |    5484 |       0 |   0.0 |       5 |       0 |   0.0
      Dis:7 |   29953 |  144017 |  82.8 |      42 |     109 |  72.2
      Geh:1 |   42088 |       0 |   0.0 |     104 |       0 |   0.0
      Geh:2 |   23888 |       0 |   0.0 |      60 |       0 |   0.0
      Geh:3 |   35966 |       0 |   0.0 |      94 |       0 |   0.0
      Geh:4 |    1191 |       0 |   0.0 |       4 |       0 |   0.0
      Geh:5 |   25824 |       0 |   0.0 |      49 |       0 |   0.0
      Geh:6 |    1719 |       0 |   0.0 |       9 |       0 |   0.0
      Geh:7 |   51473 |   69563 |  57.5 |      76 |      42 |  35.6
      Coc:1 |   23552 |       0 |   0.0 |      41 |       0 |   0.0
      Coc:2 |   24233 |       0 |   0.0 |      51 |       0 |   0.0
      Coc:4 |    7400 |       0 |   0.0 |      11 |       0 |   0.0
      Coc:5 |    8392 |       0 |   0.0 |      13 |       0 |   0.0
      Coc:7 |   61461 |   84277 |  57.8 |      75 |      77 |  50.7
      Tar:1 |    7400 |       0 |   0.0 |      14 |       0 |   0.0
      Tar:2 |   73802 |       0 |   0.0 |      85 |       0 |   0.0
      Tar:3 |   16011 |       0 |   0.0 |      24 |       0 |   0.0
      Tar:5 |   27455 |       0 |   0.0 |      36 |       0 |   0.0
      Tar:6 |   27531 |       0 |   0.0 |      25 |       0 |   0.0
      Tar:7 |   70455 |  108903 |  60.7 |      77 |      78 |  50.3
      Zot:1 |   67015 |       0 |   0.0 |      44 |       0 |   0.0
      Zot:2 |   70032 |   13008 |  15.7 |      38 |       4 |   9.5
      Zot:3 |   72489 |     497 |   0.7 |      52 |       1 |   1.9
      Zot:4 |   48292 |   13222 |  21.5 |      27 |       8 |  22.9
      Zot:5 |   41575 |  158790 |  79.3 |      24 |      39 |  61.9
    Abyss:1 |   10035 |       0 |   0.0 |      19 |       0 |   0.0
    Abyss:3 |    6976 |       0 |   0.0 |       7 |       0 |   0.0
    Abyss:4 |     216 |   10032 |  97.9 |       2 |      19 |  90.5
        Pan |  624579 |  488104 |  43.9 |     712 |     343 |  32.5
      Sewer |       0 |      86 | 100.0 |       0 |      26 | 100.0
     Bailey |       0 |    2164 | 100.0 |       0 |      26 | 100.0
      IceCv |       0 |   13770 | 100.0 |       0 |      55 | 100.0
     WizLab |       0 |   28101 | 100.0 |       0 |      54 | 100.0
            +---------+---------+-------+---------+---------+-------
